 Dungeon Crawl Stone Soup version 0.25-a0-424-g80bd347ae0 (webtiles) character file.

Game seed: 7133580151875086579, levelgen mode: deterministic

1210317 DerDa the Conqueror (level 27, -4/139 HPs)
             Began as a Vine Stalker Fighter on Jan 22, 2020.
             Was the Champion of Zin.
             Killed from afar by a starcursed mass (8 damage)
             ... with an accursed screaming
             ... while paralysed by accursed screaming
             ... on level 11 of a ziggurat on Jan 23, 2020.
             The game lasted 07:27:20 (88352 turns).

DerDa the Conqueror (Vine Stalker Fighter)         Turns: 88352, Time: 07:27:20

Health: -4/139     AC: 48    Str: 16      XL:     27
Magic:  0/28       EV:  2    Int: 17 (18) God:    Zin [******]
Gold:   14679      SH:  0    Dex: 31      Spells: 36/36 levels left

rFire    + + +     SeeInvis +   l - +9 broad axe (holy)
rCold    + . .     Gourm    .   k - +4 large shield {AC+3}
rNeg     + . .     Faith    .   X - +12 gold dragon scales
rPois    +         Spirit   +   N - +2 hat {SInv}
rElec    +         Reflect  +   E - +0 cloak {rPois}
rCorr    +         Harm     .   Q - +4 pair of gloves of Generosity {rF+ MR+ Stlth+}
MR       ++++.     Rnd*Rage +   (no boots) Stlth ..........Rnd*Tele +
                                U - amulet "Mexahi" {Reflect rElec rN+ Int+3 Dex+2 SH+4}
HPRegen  1.13/turn              v - ring "Luqul" {EV+3 Str-3 Dex+4 SInv}
MPRegen  0.21/turn              j - ring "Efizxeis" {rF+ rCorr Int+7 Slay+2}

@: paralysed, studying Armour
A: fangs 3, berserk 1, blurry vision 3, deterioration 1, frail 2, low mp 3,
regeneration 2, screaming 1, teleportitis 3, weak 1, magic shield, antimagic
bite, no potion heal 3, rot immunity, subdued magic 2
}: 11/15 runes: barnacled, slimy, silver, obsidian, abyssal, demonic, glowing,
magical, fiery, dark, gossamer
a: Recite, Vitalisation, Imprison, Sanctuary, Donate Gold, Renounce Religion


You were on level 11 of a ziggurat.
You worshipped Zin.
Zin was exalted by your worship.
You were hungry.

You visited 14 branches of the dungeon, and saw 66 of its levels.
You visited Pandemonium 1 time, and saw 20 of its levels.
You visited the Abyss 3 times.
You visited 1 ziggurat, and saw 11 of its levels.
You also visited: Trove, Bailey, Ice Cave, Volcano and Desolation.

You collected 15809 gold pieces.
You spent 1027 gold pieces at shops.
You donated 103 gold pieces to Zin.

Inventory:

Hand Weapons
 a - the +10 hand axe of Dust {freeze, Dex+3}
   (You found it on level 7 of the Dungeon)

   It has been specially enchanted to freeze those struck by it, causing extra
   injury to most foes and up to half again as much damage against particularly
   susceptible opponents.
   It can also slow down cold-blooded creatures.
   It affects your dexterity (+3).
 b - a +9 hand crossbow of electrocution
 l - a +9 broad axe of holy wrath (weapon)
 K - the +12 hand crossbow of the Trees {venom, rC+ Int+2 Dex+3}
   (You found it in Pandemonium)

   It poisons the ammo it fires.
   It affects your intelligence (+2).
   It affects your dexterity (+3).
   It protects you from cold.
Missiles
 B - 2006 bolts
Armour
 k - a +4 large shield of protection (worn)
 E - a +0 cloak of poison resistance (worn)
 I - the +2 hat of the Barracuda {Str+2 Dex+2 Stlth+}
   (Okawaru gifted it to you on level 5 of the Vaults)

   It affects your strength (+2).
   It affects your dexterity (+2).
   It makes you more stealthy.
 N - a +2 hat of see invisible (worn)
 Q - the +4 pair of gloves of Generosity (worn) {rF+ MR+ Stlth+}
   (You found it on level 5 of the Lair of Beasts)

   It protects you from fire.
   It affects your resistance to hostile enchantments.
   It makes you more stealthy.
 X - +12 gold dragon scales (worn)
Jewellery
 j - the ring "Efizxeis" (right hand) {rF+ rCorr Int+7 Slay+2}
   (You found it on level 1 of the Vaults)

   [ring of resist corrosion]

   It affects your intelligence (+7).
   It affects your accuracy and damage with ranged weapons and melee attacks
   (+2).
   It protects you from fire.
   It provides partial protection from all sources of acid and corrosion.
 m - the ring of the Gloaming {rC+ rN+}
   (You took it off a vampire knight on level 3 of the Crypt)

   [ring of protection from cold]

   It protects you from cold.
   It protects you from negative energy.
 t - a ring "Adwatza" {rElec rF+ MR+ Int+10 Stlth+}
   (You found it in Pandemonium)

   [ring of stealth]

   It affects your intelligence (+10).
   It protects you from fire.
   It insulates you from electricity.
   It affects your resistance to hostile enchantments.
   It makes you more stealthy.
 v - the ring "Luqul" (left hand) {EV+3 Str-3 Dex+4 SInv}
   (You bought it in a shop on level 4 of the Dungeon)

   [ring of evasion]

   It affects your evasion (+3).
   It affects your strength (-3).
   It affects your dexterity (+4).
   It lets you see invisible.
 y - the ring "Kavebu" {+Fly rN++ MP-9}
   (You found it on level 10 of a ziggurat)

   [ring of flight]

   It greatly protects you from negative energy.
   It affects your magic capacity (-9).
   It lets you fly.
 F - the ring of Cuwnaim {+Fly rElec Int+3 Dex-5 SInv}
   (You found it on level 3 of the Crypt)

   [ring of see invisible]

   It affects your intelligence (+3).
   It affects your dexterity (-5).
   It insulates you from electricity.
   It lets you see invisible.
   It lets you fly.
 U - the amulet "Mexahi" (around neck) {Reflect rElec rN+ Int+3 Dex+2 SH+4}
   (You found it in the Desolation of Salt)

   [amulet of reflection]

   It shields you and reflects attacks.
   It affects your intelligence (+3).
   It affects your dexterity (+2).
   It insulates you from electricity.
   It protects you from negative energy.
   It affects your SH (+4).
Wands
 p - a wand of acid (46)
 D - a wand of enslavement (16)
 G - a wand of digging (17)
 M - a wand of disintegration (15)
 O - a wand of scattershot (21)
 P - a wand of paralysis (93)
Scrolls
 c - 16 scrolls of identify
 e - 50 scrolls of remove curse
 g - 20 scrolls of fear
 n - 7 scrolls of silence
 r - 41 scrolls of teleportation
 s - 7 scrolls of blinking
 w - 10 scrolls of holy word
 A - 20 scrolls of fog
 C - 2 scrolls of summoning
 S - 4 scrolls of enchant weapon
 T - 13 scrolls of immolation
 W - 5 scrolls of magic mapping
 Y - a scroll of amnesia
 Z - 2 scrolls of enchant armour
Potions
 d - 8 potions of might
 h - 2 potions of cancellation
 i - 7 potions of haste
 o - 35 potions of curing
 x - a potion of flight
 z - 7 potions of resistance
 H - 2 potions of agility
 R - 10 potions of magic
Books
 L - a manual of Armour
Miscellaneous
 q - 7 phantom mirrors
 u - a phial of floods
 J - a lightning rod (4/4)
 V - a lamp of fire
Comestibles
 f - 118 rations


   Skills:
 O Level 27 Fighting
   Level 1.7 Long Blades
 + Level 21.1 Axes
 + Level 13.4 Crossbows
 + Level 20.8 Armour
 + Level 21.7 Dodging
 + Level 25.1 Shields
 - Level 5.0 Spellcasting
 + Level 22.7 Invocations
 + Level 24.6 Evocations


You had 36 spell levels left.
You didn't know any spells.
Your spell library contained the following spells:

 Spells                   Type           Power        Failure   Level  Hunger
 Animate Skeleton         Necr           N/A          99%         1    None
 Apportation              Tloc           #.....       99%         1    None
 Beastly Appendage        Tmut           #.....       99%         1    None
 Corona                   Hex            #......      99%         1    None
 Foxfire                  Conj/Fire      #...         99%         1    None
 Infusion                 Chrm           #...         99%         1    None
 Magic Dart               Conj           #...         99%         1    None
 Pain                     Necr           #...         99%         1    None
 Sandblast                Erth           #.....       99%         1    None
 Shock                    Conj/Air       #...         99%         1    None
 Sting                    Tmut/Pois      #...         99%         1    None
 Summon Butterflies       Summ           #.......     99%         1    None
 Summon Small Mammal      Summ           #...         99%         1    None
 Blink                    Tloc           N/A          100%        2    #......
 Call Imp                 Summ           #.......     100%        2    #......
 Corpse Rot               Necr/Air       N/A          100%        2    #......
 Ensorcelled Hibernation  Hex/Ice        #.....       100%        2    #......
 Passwall                 Tmut/Erth      #.......     100%        2    #......
 Poisonous Vapours        Pois/Air       #.....       100%        2    #......
 Shroud of Golubria       Chrm/Tloc      #.....       100%        2    #......
 Slow                     Hex            #.......     100%        2    #......
 Song of Slaying          Chrm           #.......     100%        2    #......
 Sticks to Snakes         Tmut           #.......     100%        2    #......
 Sublimation of Blood     Necr           #.........   100%        2    #......
 Swiftness                Chrm/Air       #.......     100%        2    #......
 Call Canine Familiar     Summ           #.......     100%        3    ###....
 Confusing Touch          Hex            #.......     100%        3    ###....
 Conjure Flame            Conj/Fire      #.......     100%        3    ###....
 Dazzling Flash           Conj/Hex       #.....       100%        3    ###....
 Gell's Gravitas          Tloc           #.........   100%        3    ###....
 Ignite Poison            Fire/Tmut/Pois #.......     100%        3    ###....
 Inner Flame              Hex/Fire       #.......     100%        3    ###....
 Lesser Beckoning         Tloc           #.........   100%        3    ###....
 Mephitic Cloud           Conj/Pois/Air  #.......     100%        3    ###....
 Ozocubu's Armour         Chrm/Ice       #.......     100%        3    ###....
 Portal Projectile        Hex/Tloc       #.....       100%        3    ###....
 Recall                   Summ/Tloc      N/A          100%        3    ###....
 Spectral Weapon          Hex/Chrm       #.......     100%        3    ###....
 Spider Form              Tmut/Pois      #.........   100%        3    ###....
 Static Discharge         Conj/Air       #.......     100%        3    ###....
 Stone Arrow              Conj/Erth      #.....       100%        3    ###....
 Summon Guardian Golem    Hex/Summ       #.......     100%        3    ###....
 Tukima's Dance           Hex            #.......     100%        3    ###....
 Vampiric Draining        Necr           #.........   100%        3    ###....
 Animate Dead             Necr           N/A          100%        4    ####...
 Cause Fear               Hex            #.........   100%        4    ####...
 Dispel Undead            Necr           #.......     100%        4    ####...
 Fulminant Prism          Conj/Hex       #.........   100%        4    ####...
 Ice Form                 Ice/Tmut       #.......     100%        4    ####...
 Iskenderun's Mystic Bla  Conj/Tloc      #.......     100%        4    ####...
 Leda's Liquefaction      Hex/Erth       #.........   100%        4    ####...
 Passage of Golubria      Tloc           N/A          100%        4    ####...
 Petrify                  Tmut/Erth      #.......     100%        4    ####...
 Sticky Flame             Conj/Fire      #.......     100%        4    ####...
 Summon Ice Beast         Ice/Summ       #.......     100%        4    ####...
 Summon Lightning Spire   Summ/Air       #.......     100%        4    ####...
 Agony                    Necr           #.......     100%        5    ######.
 Alistair's Intoxication  Tmut/Pois      #.......     100%        5    ######.
 Aura of Abjuration       Summ           #.........   100%        5    ######.
 Bolt of Magma            Conj/Fire/Erth #.........   100%        5    ######.
 Borgnjor's Vile Clutch   Necr/Erth      #.........   100%        5    ######.
 Excruciating Wounds      Chrm/Necr      #.........   100%        5    ######.
 Fireball                 Conj/Fire      #.........   100%        5    ######.
 Irradiate                Conj/Tmut      #.........   100%        5    ######.
 Iskenderun's Battlesphe  Conj/Chrm      #.......     100%        5    ######.
 Lee's Rapid Deconstruct  Erth           #.........   100%        5    ######.
 Lightning Bolt           Conj/Air       #.........   100%        5    ######.
 Metabolic Englaciation   Hex/Ice        #.........   100%        5    ######.
 Silence                  Hex/Air        #.........   100%        5    ######.
 Summon Demon             Summ           #.........   100%        5    ######.
 Summon Forest            Summ/Tloc      #.........   100%        5    ######.
 Summon Mana Viper        Hex/Summ       #.......     100%        5    ######.
 Yara's Violent Unravell  Hex/Tmut       #.........   100%        5    ######.
 Conjure Ball Lightning   Conj/Air       #.........   100%        6    #######
 Darkness                 Hex            #.........   100%        6    #######
 Death Channel            Necr           #.........   100%        6    #######
 Deflect Missiles         Chrm/Air       #.........   100%        6    #######
 Dispersal                Tloc           #.........   100%        6    #######
 Eringya's Noxious Bog    Tmut/Pois      #.........   100%        6    #######
 Freezing Cloud           Conj/Ice/Air   #.........   100%        6    #######
 Hydra Form               Tmut           #.........   100%        6    #######
 Invisibility             Hex            #.......     100%        6    #######
 Iron Shot                Conj/Erth      #.........   100%        6    #######
 Ozocubu's Refrigeration  Ice            #.........   100%        6    #######
 Shadow Creatures         Summ           N/A          100%        6    #######
 Simulacrum               Ice/Necr       #.........   100%        6    #######
 Starburst                Conj/Fire      #.........   100%        6    #######
 Statue Form              Tmut/Erth      #........    100%        6    #######
 Dragon Form              Tmut           #.........   100%        7    #######
 Haunt                    Necr/Summ      #.........   100%        7    #######
 Malign Gateway           Summ/Tloc      #.........   100%        7    #######
 Monstrous Menagerie      Summ           #.........   100%        7    #######
 Ring of Flames           Chrm/Fire      #.........   100%        7    #######
 Spellforged Servitor     Conj/Summ      #.........   100%        7    #######
 Summon Greater Demon     Summ           #.........   100%        7    #######
 Summon Hydra             Summ           #.........   100%        7    #######
 Borgnjor's Revivificati  Necr           #.........   100%        8    #######
 Chain Lightning          Conj/Air       #.........   100%        8    #######
 Controlled Blink         Tloc           N/A          100%        8    #######
 Death's Door             Chrm/Necr      #.........   100%        8    #######
 Discord                  Hex            #.........   100%        8    #######
 Disjunction              Tloc           #.........   100%        8    #######
 Ignition                 Fire           #.........   100%        8    #######
 Infestation              Necr           #.........   100%        8    #######
 Lehudib's Crystal Spear  Conj/Erth      #.........   100%        8    #######
 Necromutation            Tmut/Necr      #.........   100%        8    #######
 Summon Horrible Things   Summ           #.........   100%        8    #######
 Dragon's Call            Summ           #.........   100%        9    #######
 Fire Storm               Conj/Fire      #.........   100%        9    #######
 Glaciate                 Conj/Ice       #.........   100%        9    #######
 Shatter                  Erth           #.........   100%        9    #######
 Tornado                  Air            #.........   100%        9    #######


Dungeon Overview and Level Annotations

Branches:
Dungeon (15/15)            Temple (1/1) D:6            Lair (6/6) D:10
 Shoals (4/4) Lair:2       Spider (4/4) Lair:3        Slime (5/5) Lair:6
    Orc (2/2) D:10            Elf (3/3) Orc:2        Vaults (5/5) D:14
  Crypt (3/3) Vaults:3       Tomb (0/3) Crypt:3      Depths (5/5) D:15
   Hell (visited)             Dis (0/7) Hell            Geh (7/7) Hell
    Coc (0/7) Hell            Tar (0/7) Hell            Zot (5/5) Depths:5
 Bailey (visited)           IceCv (visited)         Volcano (visited)
Desolation (visited)

Altars:
Ashenzari
Cheibriados
Dithmenos
Elyvilon
Fedhas
Gozag
Hepliaklqana
Kikubaaqudgha
Makhleb
Nemelex Xobeh
Okawaru
Qazlal
Ru
Sif Muna
Trog
Uskayaw
Vehumet
Wu Jian
Xom
Yredelemnul
Zin
The Shining One
Beogh
Jiyva

Shops:
D:4 *   Orc:2 [??}((   Elf:1 }   Elf:2 }!   Elf:3 (   Vaults:1 *   Vaults:3 ?=
Depths:1 *

Portals:
Hell: Depths:1 Depths:2 Depths:3 Depths:4 Depths:5
Abyss: Depths:1 Depths:3 Depths:4
Pandemonium: Depths:1 Depths:3 Depths:5


Innate Abilities, Weirdness & Mutations

You have razor-sharp teeth.
You heal very quickly.
When hurt, damage is shared between your health and your magic reserves.
Your bite disrupts and absorbs the magic of your enemies.
Potions cannot restore your health.
You are immune to rotting.
You tend to lose your temper in combat.
Scrolls take you much longer to read.
Your body sometimes deteriorates upon taking damage.
You are very frail. (-20% HP)
Your magical capacity is extremely low. (-30% MP)
You occasionally shout uncontrollably at your foes.
You are often teleported next to monsters.
You are weak. (Str -2)
Your spells are easier to cast, but less powerful.


Message History

You slash the wretched star! "...that have damned themselves for their doubt, for..."
The large abomination is blasted by Zin's holy word!
The wretched star's chaotic flesh sizzles and spatters!
The wretched star is severely damaged.
A starcursed mass splits. x2
Your gold dragon scales prevents you from hitting the wretched star.
You bite the wretched star, but do no damage.
The wretched star is severely damaged.
You slash the starcursed mass!
The starcursed mass shudders and is absorbed by its neighbour. "...did Zin not decree that to be doubting was wrong?"
You finish reciting Ablutions 23:57.
A cacophony of accursed wailing tears at your sanity!
* * * LOW HITPOINT WARNING * * *
You suddenly lose the ability to move!
A starcursed mass splits. x2
The starcursed mass engulfs you but does no damage.
A cacophony of accursed wailing tears at your sanity!
You die...

▓▓▓▓▓▓▓▓▓▓▓▓▓
▓▓...........▓
▓▓...X....*....
▓▓...X.........*
▓▓.XX...........}
▓▓@XX.XXX........=
▓.X*XXX...§X....Xp
▓▓XX.XX...X......x
▓▓.X............X
▓▓......XX......
▓▓.....X.......
▓▓...........▓
▓▓▓▓▓▓▓▓▓▓▓▓▓


You could see 17 starcursed masses, a wretched star and a large abomination
(dazed).

Vanquished Creatures
  Cerebov (Pan)
  Asmodeus (Geh:7)
  Dissolution (Slime:3)
  the Royal Jelly (Slime:5)
  Gloorx Vloq (Pan)
  Mnoleg (Pan)
  A seraph (Pan)
  Lom Lobon (Pan)
  9 orbs of fire
  Mara (Shoals:4)
  4 juggernauts
  Mennas (Pan)
  11 ancient liches
  3 greater mummies
  Bai Suzhen (Depths:3)
  Saint Roka (Crypt:3)
  Xtahua (Depths:4)
  4 Killer Klowns
  A caustic shrike (Depths:3)
  7 pandemonium lords
  3 curse toes
  13 golden dragons
  Jory (Crypt:3)
  Geryon (Hell)
  A profane servitor (Zig:10)
  the Enchantress (Depths:3)
  A pearl dragon (Pan)
  2 bone dragons
  Arachne (Spider:4)
  2 Tzitzimimeh (Pan)
  40 Brimstone Fiends
  6 electric golems
  A hellephant (Abyss:1)
  17 tentacled monstrosities
  Jorgrun (D:13)
  20 liches
  11 Hell Sentinels
  13 Ice Fiends (Pan)
  The ghost of BearFiend the Severer, an adept MiBe of Trog (Shoals:4)
  The ghost of Ysozxul the Executioner, an adept MiGl of Okawaru (Vaults:4)
  23 titans
  3 deep elf master archers
  13 deep elf blademasters
  25 Orb Guardians (Zot:5)
  7 quicksilver dragons
  20 acid blobs
  Polyphemus (Shoals:2)
  7 death cobs
  6 tentacled starspawn
  2 ancient champions (Zig:5)
  2 krakens
  4 eldritch tentacles
  29 Executioners
  9 sphinxes
  15 shadow dragons
  12 storm dragons
  A revenant (Hell)
  6 draconian monks
  6 tengu reavers
  A nagaraja (Zig:2)
  15 azure jellies
  Ilsuiw (Shoals:2)
  18 frost giants
  8 ghost moths
  20 daevas
  5 warmongers (Pan)
  9 emperor scorpions
  5 draconian scorchers
  28 fire giants
  Louise (Shoals:2)
  6 iron dragons
  35 angels
  8 corrupters (Pan)
  44 balrugs
  29 cacodemons
  10 vault wardens
  6 imperial myrmidons (Desolation)
  7 draconian knights
  11 deep elf sorcerers
  13 ghouls
  8 deep elf elementalists
  6 draconian shifters
  7 draconian annihilators
  4 war gargoyles
  3 curse skulls
  13 ironheart preservers
  30 reapers
  Aizul (Spider:2)
  5 draconian stormcallers
  2 bennus (Zig:9)
  36 stone giants
  4 spriggan defenders
  5 entropy weavers
  17 ophanim (Pan)
  30 very ugly things
  11 black suns
  7 white draconians
  15 black draconians
  14 vampire knights
  16 blood saints
  12 green draconians
  Nessos (D:14)
  14 lorocyprocas
  28 apis (Pan)
  14 deep elf annihilators
  4 deep elf demonologists
  6 spark wasps
  5 purple draconians
  11 red draconians
  A minotaur (Depths:3)
  15 yellow draconians
  21 blizzard demons
  Snorg (D:14)
  5 merfolk javelineers
  15 ettins
  14 merfolk impalers
  25 green deaths
  8 death oozes
  A great orb of eyes (shapeshifter) (Vaults:5)
  4 eidola
  Josephine (D:12)
  11 deep elf death magi
  17 great orbs of eyes
  3 mummy priests
  7 ragged hierophants
  6 jiangshi (Crypt:3)
  4 quicksilver dragon zombies
  3 hell beasts (Pan)
  33 vault guards
  12 fire dragons
  12 deep elf high priests
  10 ice dragons
  A kraken zombie (Hell)
  23 yaktaur captains
  8 servants of whispers (Desolation)
  8 spriggan air magi
  10 monstrous demonspawn (Pan)
  6 peacekeepers (Desolation)
  2 quicksilver dragon skeletons
  5 hydras
  13 rakshasas
  6 catoblepae
  A queen ant (Lair:3)
  10 centaur warriors
  25 ogre magi
  7 merfolk aquamancers
  57 two-headed ogres
  A satyr (Shoals:3)
  6 merfolk avatars
  25 dancing weapons
  A death scarab (Zig:9)
  A two-headed ogre (shapeshifter) (Depths:2)
  2 tengu warriors (Depths:3)
  4 death knights
  9 deep troll earth magi
  11 deep troll shamans
  19 vampire magi
  39 hell hogs
  9 thrashing horrors
  Urug (Lair:1)
  17 death yaks
  4 spriggan berserkers
  A titan zombie (Geh:6)
  30 small abominations
  A shock serpent (shapeshifter) (Vaults:5)
  75 sun demons
  56 hell knights
  6 storm dragon zombies
  6 titan skeletons
  41 deep elf knights
  31 soul eaters
  31 sixfirhies
  2 iron golems
  94 large abominations
  27 skeletal warriors
  13 flayed ghosts
  7 wretched stars
  13 shadow wraiths
  18 cherubim (Pan)
  4 spatial maelstroms
  2 unseen horrors
  3 storm dragon skeletons
  9 infernal demonspawn
  12 sea snakes
  10 iron trolls
  31 deep trolls
  9 gelid demonspawn
  12 wizards
  5 golden dragon zombies
  7 glowing orange brains
  17 shadow demons
  4 anaconda zombies
  A ghost moth zombie (Geh:4)
  2 kraken simulacra (Shoals:4)
  3 shadow dragon zombies
  20 ironbrand convokers
  6 golden dragon skeletons
  13 torturous demonspawn (Pan)
  A lindwurm (shapeshifter) (Depths:2)
  3 lindwurms
  5 anaconda skeletons
  37 deep elf archers
  9 orc knights
  30 harpies
  17 phantasmal warriors
  A mana viper (shapeshifter) (Vaults:5)
  21 necromancers
  A fire giant zombie (Geh:7)
  13 orb spiders
  99 deep elf magi
  30 wolf spiders
  13 shining eyes
  49 ugly things
  13 orc sorcerers
  9 fauns
  2 shadow dragon skeletons
  9 cyclopes
  2 oklob plants (Lair:1)
  8 iron dragon zombies
  10 frost giant zombies
  A wolf spider zombie (Geh:7)
  13 manticores
  5 stone giant zombies
  30 moths of wrath
  5 worldbinders
  2 sphinx skeletons (Depths:3)
  A moth of wrath (shapeshifter) (Vaults:2)
  A salamander (shapeshifter) (Vaults:1)
  A naga mage (Zig:2)
  4 fire giant skeletons
  2 guardian serpents (shapeshifter) (Vaults:4)
  12 elephants
  2 black mambas
  7 iron dragon skeletons
  6 water nymphs
  10 merfolk sirens
  Joseph (D:9)
  Psyche (D:9)
  An apocalypse crab (Abyss:1)
  4 rust devils
  17 vault sentinels
  3 frost giant skeletons
  52 smoke demons
  A torpor snail (shapeshifter) (Depths:3)
  5 guardian serpents (Desolation)
  A gargoyle (D:14)
  8 molten gargoyles
  3 shock serpent skeletons
  4 ice statues
  39 orange demons
  An emperor scorpion zombie (Crypt:1)
  4 stone giant skeletons
  A torpor snail (Spider:2)
  2 alligator snapping turtle zombies
  5 spectral swamp worms (Depths:5)
  4 centaur skeletons
  A spiny frog (shapeshifter) (Depths:1)
  6 dire elephant skeletons
  2 minotaur zombies
  13 spiny frogs
  2 eyes of devastation
  24 tormentors
  38 yaktaurs
  10 komodo dragons
  20 hellwings
  A kobold demonologist (D:13)
  8 rime drakes
  A rime drake (shapeshifter) (Vaults:4)
  4 guardian mummies
  31 hellions
  21 efreet
  2 catoblepas skeletons
  11 freezing wraiths
  26 demonic crawlers
  5 ice devils
  50 red devils
  A minotaur skeleton (Crypt:3)
  30 jumping spiders
  A queen bee (Depths:3)
  A meliai (shapeshifter) (Abyss:2)
  2 harpy zombies (Geh:1)
  A queen bee (shapeshifter) (Depths:3)
  9 trolls
  5 ancient zymes
  5 hydra zombies
  2 elf skeletons
  54 merfolk
  5 tengu conjurers
  2 shadow dragon simulacra
  5 hornets
  24 wind drakes
  A wind drake (shapeshifter) (Vaults:4)
  20 polar bears
  5 bog bodies
  4 raiju (Abyss:1)
  A raiju (shapeshifter) (Depths:3)
  9 dream sheep
  63 saltlings
  A death drake skeleton (Crypt:3)
  9 hydra skeletons
  2 harpy skeletons
  93 slime creatures
  3 ice dragon zombies
  21 blink frogs
  6 snapping turtles
  A dream sheep (shapeshifter) (Depths:3)
  A fire giant simulacrum (Crypt:1)
  2 hippogriffs (shapeshifter)
  4 fire dragon zombies
  3 fire dragon skeletons
  A meliai zombie (D:13)
  19 starcursed masses
  22 vampires
  An air elemental (Elf:3)
  2 black mamba zombies (Geh:7)
  11 ettin skeletons
  5 ice dragon skeletons
  60 yaks
  2 wyverns
  12 hippogriffs
  16 shadows
  27 tarantellas
  52 flying skulls
  81 redbacks
  6 spriggans (Depths:3)
  27 wraiths
  2 ushabtiu
  27 water elementals
  A satyr skeleton (Crypt:3)
  16 fire bats
  35 ynoxinuls
  A basilisk (shapeshifter) (Vaults:3)
  2 steam dragons (Shoals:1)
  2 black mamba skeletons
  17 chaos spawn
  38 fire elementals
  2 basilisks
  A human (shapeshifter) (Elf:1)
  5 golden eyes
  26 neqoxecs
  5 vampire mosquitoes (D:15)
  4 wargs
  Edmund (D:4)
  Menkaure (D:4)
  9 spatial vortices
  A harpy simulacrum (D:15)
  14 soldier ants (Lair:3)
  2 acid dragons
  A soldier ant (shapeshifter) (D:13)
  A spiny frog zombie (Hell)
  11 water moccasins
  A floating eye (Depths:2)
  Duvessa (D:7)
  An orb spider zombie (Crypt:3)
  7 porcupines
  A gelid demonspawn skeleton (Pan)
  28 hell hounds
  A black bear (D:7)
  6 eyes of draining
  47 orc warriors
  18 necrophages
  An alligator simulacrum (Hell)
  6 phantoms
  4 sky beasts
  3 snapping turtle zombies
  4 spiny frog skeletons
  7 ice beasts
  2 manticore zombies (Geh:1)
  59 ogres
  3 black bears (shapeshifter)
  23 centaurs
  A centaur (shapeshifter) (Depths:3)
  3 eyes of draining (shapeshifter)
  2 swamp dragon skeletons
  4 swamp dragon zombies
  9 boggarts
  2 dream sheep skeletons
  13 wolves
  2 wolves (shapeshifter)
  2 manticore skeletons
  5 snapping turtle skeletons
  19 crocodiles
  A rime drake skeleton (Crypt:2)
  3 big kobolds
  5 earth elementals
  22 bullfrogs
  2 wyvern zombies
  A glowing shapeshifter simulacrum (Vaults:2)
  A yaktaur skeleton (Crypt:3)
  Dowan (D:7)
  A water moccasin zombie (D:8)
  A hippogriff skeleton (Crypt:2)
  8 scorpions
  A troll zombie (Crypt:1)
  A water moccasin skeleton (D:8)
  25 killer bees
  A manticore simulacrum (Crypt:1)
  A wyvern skeleton (D:10)
  A warg skeleton (Crypt:2)
  A snapping turtle simulacrum (Crypt:2)
  58 wights
  7 electric eels
  A troll skeleton (Geh:6)
  A howler monkey (D:9)
  16 crimson imps
  6 centaur zombies
  4 quasits
  A wyvern simulacrum (D:15)
  3 human simulacra
  A soldier ant zombie (Crypt:1)
  3 hounds
  Crazy Yiuf (D:2)
  22 orc priests
  A black bear skeleton (Crypt:2)
  4 bullfrog skeletons
  2 human zombies
  3 jellies
  44 orc wizards
  3 iron imps
  Ijyb (D:3)
  8 iguanas
  A lightning spire (Zot:1)
  38 worker ants
  5 hell rats (Lair:5)
  A tengu zombie (Crypt:3)
  2 centaur simulacra (D:8)
  2 tengu skeletons
  A hound skeleton (D:7)
  An ogre skeleton (Geh:7)
  A killer bee simulacrum (D:8)
  A worker ant zombie (D:5)
  Robin (D:3)
  A howler monkey zombie (Crypt:3)
  8 mummies
  5 gnolls
  14 adders
  2 howler monkey skeletons
  5 shadow imps
  8 white imps
  2 worker ant simulacra (D:8)
  An ooze (D:1)
  7 ufetubi
  A halfling zombie (Crypt:2)
  3 worms
  6 ball lightnings (Pan)
  2 dart slugs (D:1)
  5 leopard geckos
  132 orcs
  2 ball pythons
  2 giant cockroaches
  21 goblins
  7 hobgoblins
  13 jackals
  10 kobolds
  3 quokkas
  9 bats
  4 frilled lizards
  A goblin zombie (Crypt:1)
  A jackal skeleton (D:7)
  A kobold zombie (Geh:4)
  A leopard gecko simulacrum (D:8)
  An orc skeleton (Geh:6)
  9 rats
  2 butterflies (Lair:2)
  8 crawling corpses
  3 fire vortices
  7 fungi
  A lurking horror (Abyss:2)
  8 plants
  6 starspawn tentacles
  8 tentacles
4989 creatures vanquished.

Vanquished Creatures (collateral kills)
  the Serpent of Hell (Geh:7)
  A pandemonium lord (Pan)
  2 Brimstone Fiends
  A lich (Geh:7)
  An Ice Fiend (Pan)
  A ghost moth (Pan)
  An angel (Pan)
  A blizzard demon (Pan)
  A quicksilver dragon zombie (Geh:7)
  A hell beast (Pan)
  2 hell hogs (Geh:7)
  2 large abominations (Pan)
  A sun demon (Pan)
  A sixfirhy (Pan)
  A shadow demon (Pan)
  An iron dragon skeleton (Geh:7)
  A frost giant zombie (Geh:7)
  A dire elephant skeleton (Geh:7)
  2 smoke demons (Pan)
  2 efreet (Geh:7)
  A demonic crawler (Pan)
  A hellwing (Pan)
  2 merfolk (Shoals:4)
  An ettin zombie (Geh:7)
  A flying skull (Geh:7)
  2 ynoxinuls (Pan)
  2 eyes of draining (Pan)
  A manticore skeleton (Geh:7)
36 creatures vanquished.

Vanquished Creatures (others)
  A pandemonium lord (Pan)
  A deep elf master archer (Crypt:3)
  A draconian annihilator (Zot:4)
  3 stone giants
  A merfolk impaler (Shoals:4)
  2 yaktaur captains
  A merfolk aquamancer (Shoals:4)
  4 hell hogs
  A sun demon (Pan)
  2 deep elf knights
  A hell knight (Depths:3)
  A storm dragon skeleton (Geh:7)
  2 deep elf archers
  2 deep elf magi (Elf:3)
  An orc sorcerer (Zig:6)
  6 yaktaurs
  A tormentor (Geh:2)
  A hellwing (Pan)
  A wind drake (Pan)
  2 flying skulls
  A shadow (Geh:2)
  A wraith (Geh:1)
  A water elemental (Depths:3)
  A chaos spawn (Pan)
  A manticore skeleton (Geh:6)
  3 orc wizards (Orc:2)
  A jelly (D:15)
  10 ball lightnings (Pan)
  3 orcs
  An orc zombie (Geh:2)
  A block of ice (Pan)
  3 demonic plants (Abyss:1)
  10 fungi
  39 plants
  11 starspawn tentacles
  31 tentacles
153 creatures vanquished.

Grand Total: 5178 creatures vanquished

Notes
Turn   | Place    | Note
-------+----------+-------------------------------------------
     0 | D:1      | DerDa the Vine Stalker Fighter began the quest for the Orb.
     0 | D:1      | Reached XP level 1. HP: 11/11 MP: 2/2
   108 | D:1      | Reached skill level 3 in Fighting
   108 | D:1      | Reached XP level 2. HP: 6/16 MP: 0/3
   523 | D:1      | Reached XP level 3. HP: 20/20 MP: 4/4
   594 | D:1      | Reached skill level 1 in Dodging
  1277 | D:2      | Found a sparkling altar of Nemelex Xobeh.
  1883 | D:2      | Found a runed translucent door.
  1884 | D:2      | Noticed Crazy Yiuf
  2120 | D:3      | Gained mutation: Your natural rate of healing is unusually
                  | fast. [Vine Stalker growth]
  2120 | D:3      | Reached XP level 4. HP: 8/25 MP: 2/5
  2176 | D:3      | Noticed Ijyb
  2176 | D:3      | Paralysed by Ijyb for 2 turns
  2192 | D:3      | Paralysed by Ijyb for 4 turns
  2203 | D:3      | Paralysed by Ijyb for 5 turns
  2208 | D:3      | Killed Ijyb
  2253 | D:3      | Noticed Robin
  2268 | D:3      | Reached skill level 4 in Fighting
  2281 | D:2      | Reached XP level 5. HP: 24/29 MP: 4/6
  2309 | D:3      | Killed Robin
  2665 | D:3      | Found a sacrificial altar of Ru.
  2790 | D:4      | Found Istiylo's Assorted Antiques.
  2807 | D:4      | Reached XP level 6. HP: 32/35 MP: 4/7
  2819 | D:3      | Reached skill level 5 in Fighting
  2875 | D:4      | Bought a translucent turquoise ring for 145 gold pieces
  2875 | D:4      | Identified the ring "Luqul" {EV+3 Str-3 Dex+4 SInv} (You
                  | bought it in a shop on level 4 of the Dungeon)
  2898 | D:4      | Reached XP level 7. HP: 39/39 MP: 8/8
  2931 | D:4      | Noticed Edmund
  2951 | D:4      | Killed Edmund
  3112 | D:4      | Reached skill level 6 in Fighting
  3181 | D:4      | Noticed Menkaure
  3201 | D:4      | Killed Menkaure
  3201 | D:4      | Gained mutation: You have razor-sharp teeth. [Vine Stalker
                  | growth]
  3201 | D:4      | Reached XP level 8. HP: 33/45 MP: 9/9
  3511 | D:4      | Got a pitted ring mail
  3521 | D:4      | Identified the +1 ring mail "Xaora" {*Contam rC+ Regen+
                  | rCorr} (You found it on level 4 of the Dungeon)
  3542 | D:5      | Entered Level 5 of the Dungeon
  3621 | D:5      | Reached skill level 5 in Shields
  3729 | D:5      | Reached skill level 7 in Fighting
  4225 | D:2      | Killed Crazy Yiuf
  4330 | D:6      | Found a staircase to the Ecumenical Temple.
  4354 | D:6      | Reached XP level 9. HP: 47/51 MP: 10/10
  4412 | Temple   | Entered the Ecumenical Temple
  4617 | Temple   | Became a worshipper of Warmaster Okawaru
  4700 | D:7      | Found a flagged portal.
  4723 | Bailey   | Entered a bailey
  4740 | Bailey   | Reached skill level 8 in Fighting
  5123 | Bailey   | Reached * piety under Okawaru
  5123 | Bailey   | Reached skill level 5 in Dodging
  5442 | Bailey   | Reached skill level 9 in Fighting
  5622 | Bailey   | Reached ** piety under Okawaru
  5622 | Bailey   | Reached XP level 10. HP: 40/58 MP: 6/11
  5999 | D:7      | Noticed Duvessa
  6000 | D:7      | Noticed Dowan
  6023 | D:7      | Killed Duvessa
  6026 | D:7      | Killed Dowan
  6051 | D:7      | Reached skill level 1 in Invocations
  6051 | D:7      | Noticed a cyclops
  6085 | D:7      | Killed a cyclops
  6085 | D:7      | Reached skill level 10 in Fighting
  6085 | D:7      | Reached skill level 1 in Evocations
  6315 | D:7      | Got a dazzling hand axe
  6468 | D:6      | Reached *** piety under Okawaru
  7050 | D:7      | Identified the +10 hand axe of Dust {freeze, Dex+3} (You
                  | found it on level 7 of the Dungeon)
  7101 | D:8      | Reached **** piety under Okawaru
  7270 | D:8      | Found a hazy altar of Hepliaklqana.
  7315 | D:8      | Reached skill level 11 in Fighting
  7372 | D:8      | Reached XP level 11. HP: 61/65 MP: 12/14
  7683 | D:8      | Reached ***** piety under Okawaru
  7974 | D:9      | Noticed Joseph
  8055 | D:9      | Reached skill level 10 in Shields
  8189 | D:9      | Killed Joseph
  8315 | D:9      | Found a shadowy altar of Dithmenos.
  8687 | D:9      | Noticed Psyche
  8697 | D:9      | Killed Psyche
  8730 | D:9      | Reached skill level 12 in Fighting
  8989 | D:10     | Entered Level 10 of the Dungeon
  9044 | D:10     | Found a staircase to the Orcish Mines.
  9192 | D:10     | Found a staircase to the Lair.
  9196 | D:10     | Found the +4 dagger "Morg" {pain, MR+ Int+5}
  9896 | D:11     | Noticed an unseen horror
  9922 | D:11     | Killed an unseen horror
 10603 | D:11     | Noticed a brown ugly thing
 10615 | D:11     | Killed a brown ugly thing
 10615 | D:11     | Received a gift from Okawaru
 10675 | Lair:1   | Entered Level 1 of the Lair of Beasts
 10784 | Lair:1   | Noticed an oklob plant
 10784 | Lair:1   | Noticed an oklob plant
 10798 | Lair:1   | Gained mutation: You heal very quickly. [Vine Stalker
                  | growth]
 10798 | Lair:1   | Reached XP level 12. HP: 63/72 MP: 16/16
 10839 | Lair:1   | Reached ****** piety under Okawaru
 10994 | Lair:1   | Noticed a five-headed hydra
 11016 | Lair:1   | Killed a one-headed hydra
 11016 | Lair:1   | Reached skill level 13 in Fighting
 11016 | Lair:1   | Reached skill level 5 in Invocations
 11455 | Lair:1   | Noticed Urug
 11467 | Lair:1   | Received a gift from Okawaru
 11535 | Lair:1   | Killed Urug
 11535 | Lair:1   | Reached skill level 5 in Evocations
 12260 | Lair:2   | Noticed an eight-headed hydra
 12274 | Lair:2   | Killed a five-headed hydra
 12464 | Lair:2   | Found a staircase to the Shoals.
 12587 | Lair:3   | Reached skill level 14 in Fighting
 12609 | Lair:3   | Reached XP level 13. HP: 79/79 MP: 18/18
 12672 | Lair:3   | Got a twitching crystal amulet
 12684 | Lair:3   | Gained mutation: Armour fits poorly on your strangely
                  | shaped body. [mutagenic glow]
 12722 | Lair:3   | Received a gift from Okawaru
 12723 | Lair:3   | Found a dark tunnel.
 12738 | Lair:3   | Identified the amulet of Vezxi {Acrobat rF+} (You found it
                  | on level 3 of the Lair of Beasts)
 12819 | Volcano  | Entered a volcano
 13385 | Lair:3   | Found a hole to the Spider Nest.
 15122 | Lair:5   | Got a pair of crude gloves
 15132 | Lair:5   | Identified the +4 pair of gloves of Generosity {rF+ MR+
                  | Stlth+} (You found it on level 5 of the Lair of Beasts)
 15243 | Lair:5   | Received a gift from Okawaru
 15391 | Lair:5   | Reached skill level 15 in Fighting
 15423 | Lair:5   | Reached XP level 14. HP: 49/86 MP: 20/20
 15678 | Lair:5   | Received a gift from Okawaru
 16210 | Lair:6   | Entered Level 6 of the Lair of Beasts
 17301 | Lair:6   | Found a viscous altar of Jiyva.
 17301 | Lair:6   | Found a staircase to the Slime Pits.
 17566 | Lair:6   | Received a gift from Okawaru
 17621 | Lair:6   | Reached XP level 15. HP: 80/90 MP: 22/22
 17661 | Lair:6   | Got shimmering fire dragon scales
 17687 | Lair:6   | Identified the +4 fire dragon scales of the World {+Inv
                  | rPois rF++ rC- MP+9 Str-3} (You found it on level 6 of the
                  | Lair of Beasts)
 17975 | D:12     | Noticed Josephine
 17994 | D:12     | Killed Josephine
 18035 | D:12     | Reached XP level 16. HP: 96/96 MP: 24/24
 18036 | D:12     | Lost mutation: Armour fits poorly on your strangely shaped
                  | body. [potion of mutation]
 18036 | D:12     | Gained mutation: You have a pair of small horns on your
                  | head. [potion of mutation]
 18036 | D:12     | Gained mutation: Your body sometimes deteriorates upon
                  | taking damage. [potion of mutation]
 18036 | D:12     | Lost mutation: Your body sometimes deteriorates upon taking
                  | damage. [potion of mutation]
 18036 | D:12     | Gained mutation: You have a pair of horns on your head.
                  | [potion of mutation]
 18068 | D:12     | Found a stormy altar of Qazlal.
 18678 | D:13     | Identified a scroll of acquirement
 18679 | D:13     | Identified the +0 pair of gloves of Yrry {Str+3} (You
                  | acquired it on level 13 of the Dungeon)
 18732 | D:13     | Reached skill level 10 in Invocations
 18736 | D:13     | Found a frozen archway.
 18765 | IceCv    | Entered an ice cave
 19073 | IceCv    | Reached skill level 16 in Fighting
 19639 | D:13     | Noticed Jorgrun
 19659 | D:13     | Killed Jorgrun
 19932 | D:13     | Received a gift from Okawaru
 20097 | D:14     | Reached skill level 5 in Armour
 20152 | D:14     | Reached skill level 15 in Shields
 20279 | D:14     | Noticed Nessos
 20287 | D:14     | Killed Nessos
 20410 | D:14     | Reached skill level 10 in Evocations
 20465 | D:14     | Found a gate to the Vaults.
 20798 | D:14     | Noticed Snorg
 20810 | D:14     | Killed Snorg
 20879 | D:15     | Entered Level 15 of the Dungeon
 20966 | D:15     | Found a staircase to the Depths.
 21019 | D:15     | Reached XP level 17. HP: 65/101 MP: 26/26
 21480 | D:15     | Found a portal to a secret trove of treasure.
 21677 | Orc:1    | Entered Level 1 of the Orcish Mines
 21869 | Orc:1    | Found a roughly hewn altar of Beogh.
 21938 | Orc:1    | Found a roughly hewn altar of Beogh.
 22396 | Orc:2    | Entered Level 2 of the Orcish Mines
 22402 | Orc:2    | Found a roughly hewn altar of Beogh.
 22573 | Orc:2    | Found a staircase to the Elven Halls.
 22602 | Orc:2    | Received a gift from Okawaru
 22642 | Orc:2    | Found Vaukle's Antique Weapon Boutique.
 22646 | Orc:2    | Found Borey's Weapon Shoppe.
 22970 | Orc:2    | Found Lycris's Antique Armour Emporium.
 22992 | Orc:2    | Bought a crude scale mail for 342 gold pieces
 23008 | Orc:2    | Found Jilente's Gadget Shoppe.
 23028 | Orc:2    | Found an ancient bone altar of Kikubaaqudgha.
 23052 | Orc:2    | Found a radiant altar of Vehumet.
 23062 | Orc:2    | Reached skill level 10 in Dodging
 23094 | Orc:2    | Found a roughly hewn altar of Beogh.
 23094 | Orc:2    | Found Qaunkal's Magic Scroll Emporium.
 23100 | Orc:2    | Reached skill level 1 in Axes
 23153 | Orc:2    | Bought 2 scrolls of identify for 56 gold pieces
 23153 | Orc:2    | Bought a scroll of identify for 28 gold pieces
 23153 | Orc:2    | Bought a scroll of identify for 28 gold pieces
 23153 | Orc:2    | Bought a scroll of identify for 28 gold pieces
 23153 | Orc:2    | Identified the +5 scale mail "Fuon" {Int+3} (You bought it
                  | in a shop on level 2 of the Orcish Mines)
 23158 | Orc:2    | Found Jues Soe's Magic Scroll Shoppe.
 23170 | Orc:2    | Bought a scroll of blinking for 97 gold pieces
 23170 | Orc:2    | Bought a scroll of identify for 26 gold pieces
 23401 | Spider:1 | Entered Level 1 of the Spider Nest
 24039 | Spider:1 | Received a gift from Okawaru
 24545 | Spider:2 | Noticed Aizul
 24643 | Spider:2 | Killed Aizul
 24901 | Spider:2 | Reached skill level 17 in Fighting
 24944 | Spider:2 | Got a brightly glowing hand axe
 24944 | Spider:2 | Identified the +7 hand axe "Aseacely" {vorpal, +Rage rF+
                  | Int+2} (You found it on level 2 of the Spider Nest)
 25093 | Spider:2 | Reached XP level 18. HP: 33/107 MP: 27/27
 25778 | Spider:3 | Received a gift from Okawaru
 26013 | Spider:4 | Entered Level 4 of the Spider Nest
 26389 | Spider:4 | Noticed Arachne
 26410 | Spider:4 | Killed Arachne
 27172 | Spider:4 | Got a gossamer rune of Zot
 27345 | Spider:4 | Received a gift from Okawaru
 27733 | Vaults:1 | Entered Level 1 of the Vaults
 28077 | Vaults:1 | Reached XP level 19. HP: 108/112 MP: 29/29
 28089 | Vaults:1 | Received a gift from Okawaru
 28256 | Vaults:1 | Reached skill level 5 in Axes
 28291 | Vaults:1 | Identified the +1 pair of gloves "Niogeduu" {rPois MR+
                  | Str-2} (You acquired it on level 1 of the Vaults)
 28610 | Vaults:1 | Received a gift from Okawaru
 28890 | Vaults:1 | Found Neohous's Assorted Antiques.
 28998 | Vaults:1 | Got a coiled iron ring
 28999 | Vaults:1 | Identified the ring "Efizxeis" {rF+ rCorr Int+7 Slay+2}
                  | (You found it on level 1 of the Vaults)
 29223 | Vaults:2 | Received a gift from Okawaru
 29412 | Vaults:2 | Reached skill level 18 in Fighting
 29606 | Vaults:2 | HP: 2/114 [stone giant/large rock (12)]
 30087 | Vaults:2 | Reached XP level 20. HP: 119/119 MP: 30/30
 30217 | Vaults:2 | Received a gift from Okawaru
 30239 | Vaults:2 | Got a fine double sword {god gift}
 30239 | Vaults:2 | Identified the +0 double sword "Goblinslayer" {flame,
                  | Str+5} (Okawaru gifted it to you on level 2 of the Vaults)
 30781 | Vaults:3 | Paralysed by a hornet for 3 turns
 30976 | Vaults:3 | Received a gift from Okawaru
 31210 | Vaults:3 | Found a staircase to the Crypt.
 31449 | Vaults:3 | Found Loro's Magic Scroll Shoppe.
 31465 | Vaults:3 | Received a gift from Okawaru
 31831 | Vaults:3 | Found Nutune's Jewellery Boutique.
 31832 | Vaults:3 | Found Qegiuwopn's Antique Weapon Boutique.
 32572 | Vaults:4 | Received a gift from Okawaru
 32621 | Vaults:4 | Reached XP level 21. HP: 114/124 MP: 28/32
 32867 | Vaults:4 | Found a runed translucent door.
 32867 | Vaults:4 | Noticed Ysozxul's ghost (adept MiGl)
 32907 | Vaults:4 | Identified the +9 war axe of Linearity {flame, rF+ MR+}
 32922 | Vaults:4 | Received a gift from Okawaru
 33824 | Vaults:4 | Killed Ysozxul's ghost
 33824 | Vaults:4 | Received a gift from Okawaru
 34198 | Elf:1    | Entered Level 1 of the Elven Halls
 34407 | Elf:1    | Identified the Reference Book on Attacks
 34425 | Elf:1    | Reached skill level 19 in Fighting
 34991 | Elf:1    | Found Doagudewk's Gadget Boutique.
 35079 | Elf:2    | Found a ruined gateway.
 35108 | Desolati | Entered the Desolation of Salt
 35211 | Desolati | Got a transparent scale mail
 35214 | Desolati | Identified the amulet "Mexahi" {Reflect rElec rN+ Int+3
                  | Dex+2 SH+4} (You found it in the Desolation of Salt)
 35221 | Desolati | Identified the +3 scale mail of Afuedac {+Blink Str-5
                  | Dex+2} (You found it in the Desolation of Salt)
 35314 | Desolati | Received a gift from Okawaru
 35397 | Desolati | Got a bone long sword
 35398 | Desolati | Identified the +3 long sword of Iconoclasm {vorpal, rC+ rN+
                  | MR- Str+3} (You found it in the Desolation of Salt)
 35401 | Desolati | Identified the Incunabulum of Earthen Feathers
 35600 | Desolati | Found the +3 giant club "Skullcrusher" {speed, Str+7}
 35601 | Desolati | Identified Roxanne's Reference Book on the Mountains and
                  | Transmigration
 35604 | Desolati | Got an ancient whip
 35604 | Desolati | Identified the +11 whip of Incongruity {speed, rF+ Str+5}
                  | (You found it in the Desolation of Salt)
 35605 | Desolati | Identified the Handbook of Creative Earth
 35618 | Desolati | Identified the Almanac of Creative Flight
 35651 | Desolati | Received a gift from Okawaru
 35657 | Desolati | Reached XP level 22. HP: 105/131 MP: 32/34
 36023 | Elf:2    | Reached skill level 15 in Evocations
 36047 | Elf:2    | Found Vuonwut's Distillery.
 36047 | Elf:2    | Found Eqiaje's Gadget Shoppe.
 36184 | Elf:2    | Found a huge runed translucent gate.
 36184 | Elf:2    | Found a huge runed translucent gate.
 36184 | Elf:2    | Found a huge runed translucent gate.
 36189 | Elf:2    | Found a huge runed translucent gate.
 36191 | Elf:2    | Found a huge runed translucent gate.
 37114 | Elf:3    | Entered Level 3 of the Elven Halls
 37114 | Elf:3    | Found Hacimypp's Antique Weapon Shop.
 37205 | Elf:3    | Received a gift from Okawaru
 37208 | Elf:3    | Identified the +5 chain mail of the Thirteen Dreams {MR+}
                  | (Okawaru gifted it to you on level 3 of the Elven Halls)
 37859 | Elf:3    | Reached skill level 10 in Armour
 38173 | Elf:3    | Received a gift from Okawaru
 38248 | Elf:3    | Identified the cursed +1 battleaxe "Omokat" {protect, rPois
                  | MP+9 Int-2}
 38251 | Elf:3    | Reached XP level 23. HP: 106/137 MP: 30/35
 38260 | Elf:3    | Received a gift from Okawaru
 38470 | Elf:3    | Identified a ring of the Echidna {*Corrode MR++ Dex+9 SInv
                  | Stlth+}
 38471 | Elf:3    | Identified the +4 broad axe "Ackiutij" {flame, rElec rPois
                  | Str+6 Int+3 Dex-5}
 38508 | Elf:3    | Identified Naremi's Compendium of Transmutation and
                  | Creation
 38759 | Elf:3    | Got a crude demon trident
 38759 | Elf:3    | Identified the cursed +1 demon trident of Ufrionk {pain,
                  | rElec rPois Str+4 Int-5} (You found it on level 3 of the
                  | Elven Halls)
 39022 | Shoals:1 | Entered Level 1 of the Shoals
 39045 | Shoals:1 | Received a gift from Okawaru
 39947 | Shoals:2 | Noticed Ilsuiw
 40064 | Shoals:2 | Reached skill level 20 in Fighting
 40106 | Shoals:2 | Killed Ilsuiw
 40167 | Shoals:2 | Noticed Louise
 40188 | Shoals:2 | Killed Louise
 40423 | Shoals:2 | Noticed Polyphemus
 40441 | Shoals:2 | Killed Polyphemus
 41562 | Shoals:4 | Entered Level 4 of the Shoals
 41596 | Shoals:4 | Found a runed translucent gate.
 41598 | Shoals:4 | Found a runed translucent gate.
 41598 | Shoals:4 | Noticed BearFiend's ghost (adept MiBe)
 41605 | Shoals:4 | Found a runed translucent gate.
 41912 | Shoals:4 | Identified the +5 flail of Pejaunaf {vorpal, rElec Str+2
                  | Dex-3 SInv} (You found it on level 4 of the Shoals)
 42212 | Shoals:4 | Reached XP level 24. HP: 52/142 MP: 36/36
 42215 | Shoals:4 | Noticed Mara
 42216 | Shoals:4 | Reached skill level 10 in Axes
 42349 | Shoals:4 | Noticed DerDa's illusion
 42508 | Shoals:4 | Killed Mara
 42508 | Shoals:4 | Received a gift from Okawaru
 42508 | Shoals:4 | Reached skill level 15 in Invocations
 42613 | Shoals:4 | Got a barnacled rune of Zot
 42850 | Shoals:4 | Killed BearFiend's ghost
 42874 | Shoals:4 | Identified the ring "Xuisk" {Fire rPois Str-2 Dex+2 Stlth+}
                  | (You found it on level 4 of the Shoals)
 42885 | Shoals:4 | Identified the cursed ring of Midnight {rElec Str-3 Dex+8}
                  | (You found it on level 4 of the Shoals)
 43170 | Depths:1 | Entered Level 1 of the Depths
 43180 | Depths:1 | Received a gift from Okawaru
 43250 | Depths:1 | Found a gateway to Hell.
 43269 | Depths:1 | Found a one-way gate to the infinite horrors of the Abyss.
 43658 | Depths:1 | Found Enaj's Blood Bar.
 43837 | Depths:1 | Found a one-way gate leading to the halls of Pandemonium.
 43898 | Depths:1 | Received a gift from Okawaru
 44098 | Depths:2 | Found a gateway to a ziggurat.
 44171 | Depths:2 | HP: 5/144 [fire giant/fireball[a boggart] (8)]
 44690 | Depths:2 | Reached XP level 25. HP: 102/149 MP: 36/36
 45102 | Depths:2 | Got a translucent platinum ring
 45103 | Depths:2 | Identified the ring of Divine Compulsion {MP+9 Dex+2} (You
                  | found it on level 2 of the Depths)
 45149 | Depths:2 | Received a gift from Okawaru
 46154 | Depths:3 | Reached skill level 21 in Fighting
 46244 | Depths:3 | Received a gift from Okawaru
 46259 | Depths:3 | Got an ichor-stained broad axe {god gift}
 46259 | Depths:3 | Identified the +9 broad axe of the Butterfly {vorpal, rF+
                  | MR+ Str-5 Dex+3} (Okawaru gifted it to you on level 3 of
                  | the Depths)
 46419 | Depths:3 | Noticed Bai Suzhen
 46438 | Depths:3 | Killed Bai Suzhen
 46448 | Depths:3 | Found a runed translucent door.
 46505 | Depths:3 | Noticed the Enchantress
 46572 | Depths:3 | Noticed a juggernaut
 46665 | Depths:3 | Killed a juggernaut
 46798 | Depths:3 | Received a gift from Okawaru
 46840 | Depths:3 | Killed the Enchantress
 46912 | Depths:3 | Identified the cursed +1 scimitar "Oghel" {freeze, rC+ MR+}
 47047 | Depths:3 | Identified the +2 ring mail "Zojah" {Str+5 Int-4 Stlth+}
 47115 | Depths:3 | Identified Wafeguuph's Incunabulum of Dislocation and Clay
 47514 | Depths:4 | Found a transporter.
 47536 | Depths:4 | Reached XP level 26. HP: 155/155 MP: 36/36
 47749 | Depths:4 | Received a gift from Okawaru
 47750 | Depths:4 | Found the +3 sling "Punk" {acid, rCorr}
 48074 | Depths:4 | Found a transporter.
 48091 | Depths:4 | Noticed Xtahua
 48105 | Depths:4 | Killed Xtahua
 48287 | Depths:4 | Got a bound lead ring
 48291 | Depths:4 | Identified the ring of Trepidation {*Tele rF+ Dex+4 Stlth-}
                  | (You found it on level 4 of the Depths)
 48293 | Depths:4 | Got a fine jade ring
 48305 | Depths:4 | Identified the ring "Bapu" {Wiz rN++ Int+3} (You found it
                  | on level 4 of the Depths)
 48307 | Depths:4 | Identified the amulet "Xadewid" {Inacc Fragile rF+ Stlth+}
                  | (You found it on level 4 of the Depths)
 48356 | Depths:5 | Entered Level 5 of the Depths
 48846 | Depths:5 | Found a gate to the Realm of Zot.
 48878 | Depths:5 | Received a gift from Okawaru
 48917 | Depths:5 | Noticed a juggernaut
 48936 | Depths:5 | Killed a juggernaut
 49795 | Orc:2    | Bought a scroll of enchant armour for 105 gold pieces
 50118 | Vaults:3 | Bought a scroll of enchant armour for 172 gold pieces
 50395 | D:14     | Gained mutation: Your body sometimes deteriorates upon
                  | taking damage. [mutagenic glow]
 50716 | Vaults:5 | Entered Level 5 of the Vaults
 50762 | Vaults:5 | Received a gift from Okawaru
 50802 | Vaults:5 | Reached XP level 27. HP: 110/161 MP: 37/37
 50895 | Vaults:5 | Noticed an ancient lich
 50909 | Vaults:5 | Reached skill level 22 in Fighting
 50922 | Vaults:5 | Got a silver rune of Zot
 51108 | Vaults:5 | Identified the +2 hat of the Barracuda {Str+2 Dex+2 Stlth+}
                  | (Okawaru gifted it to you on level 5 of the Vaults)
 51260 | Vaults:5 | Identified the +2 leather armour "Puguetiag" {rElec rPois
                  | rN+}
 51293 | Vaults:5 | Killed an ancient lich
 51293 | Vaults:5 | Received a gift from Okawaru
 51332 | Vaults:5 | Identified the +2 plate armour of Defence {rCorr} (Okawaru
                  | gifted it to you on level 5 of the Vaults)
 51611 | Vaults:5 | Noticed an ancient lich
 51628 | Vaults:5 | Killed an ancient lich
 52127 | Vaults:5 | Identified the Volume of the Supportive Frostbite
 53176 | Temple   | Fell from the grace of Okawaru
 53176 | Temple   | Became a worshipper of the Shining One
 53814 | Crypt:1  | Entered Level 1 of the Crypt
 53983 | Crypt:1  | Reached * piety under the Shining One
 54141 | Crypt:1  | Reached ** piety under the Shining One
 54209 | Crypt:1  | Reached *** piety under the Shining One
 54364 | Crypt:1  | Reached **** piety under the Shining One
 54629 | Crypt:2  | Noticed an ancient lich
 54644 | Crypt:2  | Killed an ancient lich
 54761 | Crypt:2  | Reached ***** piety under the Shining One
 54963 | Crypt:2  | Reached skill level 15 in Dodging
 55454 | Crypt:3  | Entered Level 3 of the Crypt
 55489 | Crypt:3  | Found a staircase to the Tomb.
 55627 | Crypt:3  | Reached ****** piety under the Shining One
 55663 | Crypt:3  | Identified a +9 broad axe of holy wrath (a +7 broad axe of
                  | electrocution blessed by the Shining One)
 55663 | Crypt:3  | Received a gift from the Shining One
 55792 | Crypt:3  | Identified the ring of the Gloaming {rC+ rN+}
 56031 | Crypt:3  | Noticed Saint Roka
 56152 | Crypt:3  | Cast into level 2 of the Abyss (reaper)
 56415 | Abyss:2  | Gained mutation: You are frail. (-10% HP) [a neqoxec]
 56599 | Abyss:2  | Found a basalt altar of Yredelemnul.
 56645 | Abyss:2  | Found a stormy altar of Qazlal.
 56981 | Abyss:3  | Gained mutation: You are weak. (Str -2) [a cacodemon]
 57019 | Abyss:3  | Gained mutation: You occasionally shout uncontrollably at
                  | your foes. [a shining eye]
 57022 | Abyss:3  | Gained mutation: You are clumsy. (Dex -2) [a shining eye]
 57062 | Abyss:3  | Got an abyssal rune of Zot
 57190 | Abyss:3  | Paralysed by accursed screaming for 1 turns
 57221 | Crypt:3  | Escaped the Abyss
 57327 | Crypt:3  | Killed Saint Roka
 57397 | Crypt:3  | Identified the ring of Oryol {rPois rF+++ rN+ Int-5 SInv}
 57397 | Crypt:3  | Noticed Jory
 57409 | Crypt:3  | Killed Jory
 57488 | Crypt:3  | Reached skill level 23 in Fighting
 57518 | Crypt:3  | Identified Kikubaaqudgha's Compendium of Evil
 57824 | Crypt:3  | Got a translucent lapis lazuli ring
 57876 | Crypt:3  | Identified the ring of Cuwnaim {+Fly rElec Int+3 Dex-5
                  | SInv} (You found it on level 3 of the Crypt)
 57878 | Crypt:3  | Identified the amulet of Gunopt {rPois rF+ Regen+} (You
                  | found it on level 3 of the Crypt)
 57879 | Crypt:3  | Identified the ring of Atheism {rN+ Int-5 Slay+6} (You
                  | found it on level 3 of the Crypt)
 58340 | Depths:3 | Lost mutation: You are frail. (-10% HP) [potion of
                  | mutation]
 58340 | Depths:3 | Lost mutation: Your body sometimes deteriorates upon taking
                  | damage. [potion of mutation]
 58340 | Depths:3 | Lost mutation: You are clumsy. (Dex -2) [potion of
                  | mutation]
 58340 | Depths:3 | Gained mutation: Your spells are a little harder to cast,
                  | but a little more powerful. [potion of mutation]
 58401 | Hell     | Entered the Vestibule of Hell
 58401 | Hell     | Noticed Geryon
 58413 | Hell     | Killed Geryon
 58502 | Hell     | Found a gateway to the ashen valley of Gehenna.
 58580 | Hell     | Found a gateway to the decaying netherworld of Tartarus.
 58792 | Hell     | Found a gateway to the Iron City of Dis.
 58898 | Hell     | Found a gateway to the freezing wastes of Cocytus.
 58956 | Geh:1    | Entered Level 1 of Gehenna
 60434 | Geh:3    | Gained mutation: You are dopey. (Int -2) [mutagenic glow]
 60494 | Geh:3    | Gained mutation: Your body sometimes deteriorates upon
                  | taking damage. [mutagenic glow]
 60530 | Geh:3    | Gained mutation: Armour fits poorly on your strangely
                  | shaped body. [mutagenic glow]
 62376 | Geh:5    | Paralysed by an eldritch tentacle for 4 turns
 62767 | Geh:6    | Reached skill level 24 in Fighting
 63257 | Geh:6    | Was forgiven by Okawaru
 63426 | Geh:7    | Entered Level 7 of Gehenna
 63645 | Geh:7    | Noticed the Serpent of Hell
 63658 | Geh:7    | Killed the Serpent of Hell
 63812 | Geh:7    | Lost mutation: Armour fits poorly on your strangely shaped
                  | body. [potion of mutation]
 63812 | Geh:7    | Lost mutation: You occasionally shout uncontrollably at
                  | your foes. [potion of mutation]
 63812 | Geh:7    | Gained mutation: Your spells are harder to cast, but more
                  | powerful. [potion of mutation]
 64003 | Geh:7    | Found the macabre finger necklace {rN+}
 64008 | Geh:7    | Identified the +2 flail of the Exiled Blessings {flame,
                  | rC++ Dex-5}
 64236 | Geh:7    | Identified the +7 sceptre of Asmodeus
 64236 | Geh:7    | Noticed Asmodeus
 64775 | Geh:7    | Killed Asmodeus
 64805 | Geh:7    | Reached skill level 15 in Armour
 64810 | Geh:7    | Got an obsidian rune of Zot
 65212 | D:15     | You paid a toll of 9 potions of agility to enter a treasure
                  | trove
 65213 | Trove    | Entered a treasure trove
 65226 | Trove    | Identified Sif Muna's Disquisition on Creative
                  | Transformation
 65274 | Trove    | Identified Sif Muna's Secret Knowledge for Neophytes
 65283 | Trove    | Identified Sif Muna's Disquisition on the Entourage and
                  | Curses
 65398 | Pan      | Entered Pandemonium
 65440 | Pan      | Gained mutation: You occasionally shout uncontrollably at
                  | your foes. [a neqoxec]
 65444 | Pan      | Gained mutation: You sometimes yell uncontrollably at your
                  | foes. [a cacodemon]
 65924 | Pan      | Noticed Haqu Wuki the pandemonium lord
 65934 | Pan      | Killed Haqu Wuki the pandemonium lord
 66038 | Pan      | Found an exit through the horrors of the Abyss.
 67763 | Pan      | Reached skill level 15 in Axes
 68226 | Pan      | Noticed a seraph
 68707 | Pan      | Killed a seraph
 69483 | Pan      | Found a glowing golden altar of the Shining One.
 69503 | Pan      | Got a demonic rune of Zot
 69616 | Pan      | Found a glowing silver altar of Zin.
 69994 | Pan      | Found a white marble altar of Elyvilon.
 70407 | Pan      | Noticed Yptopatha the pandemonium lord
 70446 | Pan      | Killed Yptopatha the pandemonium lord
 70660 | Pan      | Found a runed translucent door.
 71192 | Pan      | Found a transporter.
 71237 | Pan      | Gained mutation: You are occasionally teleported next to
                  | monsters. [a cacodemon]
 71259 | Pan      | Found a transporter.
 71322 | Pan      | Got a glittering lapis lazuli ring
 71323 | Pan      | Identified the ring of Moodiness {+Inv EV+3 Str+2} (You
                  | found it in Pandemonium)
 71330 | Pan      | Got a glittering bone amulet
 71332 | Pan      | Identified the amulet "Xesut" {Inacc Int+6} (You found it
                  | in Pandemonium)
 71431 | Pan      | Noticed Mennas
 71470 | Pan      | Killed Mennas
 71983 | Pan      | Entered the realm of Cerebov.
 72015 | Pan      | Identified the Papyrus of the Arsonist and Dark Rites
 72240 | Pan      | Reached skill level 1 in Crossbows
 72643 | Pan      | Identified the +6 sword of Cerebov {flame}
 72643 | Pan      | Noticed Cerebov
 72696 | Pan      | Killed Cerebov
 72704 | Pan      | Identified Sif Muna's Papyrus of Aerial Malediction
 72785 | Pan      | Got a coiled amber ring
 72788 | Pan      | Identified the Compendium of Cobwebs
 72842 | Pan      | Identified the Disquisition on Curses and Poison
 72896 | Pan      | Got a fiery rune of Zot
 72929 | Pan      | Got a brightly glowing garnet amulet
 72942 | Pan      | Identified a ring "Adwatza" {rElec rF+ MR+ Int+10 Stlth+}
                  | (You found it in Pandemonium)
 72949 | Pan      | Identified the amulet of Accord {Harm *Drain +Blink rElec
                  | Str+3 Slay+2} (You found it in Pandemonium)
 73125 | Pan      | Identified the ring "Ohuco" {Wiz MP-9 Str+3 Slay+2}
 73275 | Pan      | Entered the realm of Lom Lobon.
 73450 | Pan      | Noticed Lom Lobon
 73817 | Pan      | Found an exit through the horrors of the Abyss.
 74140 | Pan      | Got a magical rune of Zot
 74401 | Pan      | Found an exit through the horrors of the Abyss.
 74420 | Pan      | Reached skill level 25 in Fighting
 74455 | Pan      | Noticed Lom Lobon
 74467 | Pan      | Killed Lom Lobon
 74486 | Pan      | Gained mutation: You are clumsy. (Dex -2) [a neqoxec]
 74510 | Pan      | Reached skill level 5 in Crossbows
 74953 | Pan      | Noticed Memeokh the pandemonium lord
 74969 | Pan      | Killed Memeokh the pandemonium lord
 75034 | Pan      | Identified the Grimoire of Ashen Summoning
 75483 | Pan      | Noticed Veawkoha the pandemonium lord
 75515 | Pan      | Killed Veawkoha the pandemonium lord
 75737 | Pan      | Gained mutation: You are frail. (-10% HP) [a cacodemon]
 76063 | Pan      | Got an ancient ruby amulet
 76064 | Pan      | Identified the amulet of Ketump {Harm *Drain rF+} (You
                  | found it in Pandemonium)
 76072 | Pan      | Entered the realm of Mnoleg.
 76146 | Pan      | Got a smoking golden ring
 76150 | Pan      | Identified the ring "Zeifyam" {+Blink Str+4} (You found it
                  | in Pandemonium)
 76152 | Pan      | Identified the +12 hand crossbow of the Trees {venom, rC+
                  | Int+2 Dex+3} (You found it in Pandemonium)
 76231 | Pan      | Lost mutation: You are clumsy. (Dex -2) [a cacodemon]
 76236 | Pan      | Gained mutation: Your body often deteriorates upon taking
                  | damage. [a neqoxec]
 76340 | Pan      | Found an exit through the horrors of the Abyss.
 76503 | Pan      | Gained mutation: You are very dopey. (Int -4) [a neqoxec]
 76592 | Pan      | Noticed Mnoleg
 76617 | Pan      | Killed Mnoleg
 76645 | Pan      | Gained mutation: You are very weak. (Str -4) [a cacodemon]
 76687 | Pan      | Got a glowing rune of Zot
 76843 | Pan      | Gained mutation: You tend to lose your temper in combat. [a
                  | cacodemon]
 76881 | Pan      | Found an exit through the horrors of the Abyss.
 76892 | Pan      | Gained mutation: You are sometimes teleported next to
                  | monsters. [a cacodemon]
 76997 | Pan      | Entered the realm of Gloorx Vloq.
 76997 | Pan      | Found an exit through the horrors of the Abyss.
 77571 | Pan      | Noticed Gloorx Vloq
 77583 | Pan      | Killed Gloorx Vloq
 77599 | Pan      | Got a dark rune of Zot
 77938 | Pan      | Noticed Kyppef the pandemonium lord
 77964 | Pan      | Killed Kyppef the pandemonium lord
 78676 | Pan      | Found an exit through the horrors of the Abyss.
 78708 | Pan      | Noticed Dapim the pandemonium lord
 78721 | Pan      | Paralysed by Dapim for 2 turns
 78736 | Pan      | Killed Dapim the pandemonium lord
 79840 | Pan      | Noticed Lixele the pandemonium lord
 79853 | Pan      | Killed Lixele the pandemonium lord
 79921 | Pan      | Found an exit through the horrors of the Abyss.
 80243 | Pan      | Found a runed translucent door.
 80243 | Pan      | Found a runed translucent door.
 80245 | Pan      | Noticed Yrchunio the pandemonium lord
 80246 | Pan      | Found a runed translucent door.
 80276 | Pan      | Killed Yrchunio the pandemonium lord
 80280 | Pan      | Found a runed translucent door.
 80492 | Pan      | Found an exit through the horrors of the Abyss.
 81011 | Pan      | Took an exit into the Abyss.
 81011 | Abyss:1  | Escaped into the Abyss
 81031 | Abyss:1  | Paralysed by accursed screaming for 1 turns
 81373 | Depths:1 | Escaped the Abyss
 81485 | Zot:1    | Entered Level 1 of the Realm of Zot
 81848 | Zot:1    | Reached skill level 5 in Spellcasting
 82000 | Zot:1    | Reached skill level 10 in Crossbows
 82231 | Zot:2    | Noticed an orb of fire
 82469 | Zot:2    | Gained mutation: You are very frail. (-20% HP) [an orb of
                  | fire]
 82476 | Zot:2    | Gained mutation: You are clumsy. (Dex -2) [an orb of fire]
 82478 | Zot:2    | Killed an orb of fire
 82851 | Zot:3    | Reached skill level 26 in Fighting
 82986 | Zot:3    | Noticed an orb of fire
 82989 | Zot:3    | Lost mutation: Your spells are harder to cast, but more
                  | powerful. [an orb of fire]
 82990 | Zot:3    | Gained mutation: You are often teleported next to monsters.
                  | [an orb of fire]
 83014 | Zot:3    | Killed an orb of fire
 84653 | Zot:5    | Entered Level 5 of the Realm of Zot
 84748 | Zot:5    | Gained mutation: You often lose your temper in combat. [an
                  | orb of fire]
 84748 | Zot:5    | Noticed an orb of fire
 84749 | Zot:5    | Noticed an orb of fire
 84749 | Zot:5    | Noticed an orb of fire
 84749 | Zot:5    | Lost mutation: Your spells are a little harder to cast, but
                  | a little more powerful. [an orb of fire]
 84751 | Zot:5    | Noticed an ancient lich
 84753 | Zot:5    | Gained mutation: You frequently scream uncontrollably at
                  | your foes. [an orb of fire]
 84754 | Zot:5    | Gained mutation: Scrolls take you a little longer to read.
                  | [an orb of fire]
 84757 | Zot:5    | Gained mutation: Your magical capacity is low. (-10% MP)
                  | [an orb of fire]
 84764 | Zot:5    | Killed an orb of fire
 84764 | Zot:5    | Gained mutation: You are extremely frail. (-30% HP) [an orb
                  | of fire]
 84766 | Zot:5    | Gained mutation: Scrolls take you longer to read. [an orb
                  | of fire]
 84767 | Zot:5    | Killed an orb of fire
 84767 | Zot:5    | Gained mutation: You are very clumsy. (Dex -4) [an orb of
                  | fire]
 84769 | Zot:5    | Gained mutation: Your magical capacity is very low. (-20%
                  | MP) [an orb of fire]
 84772 | Zot:5    | Noticed an ancient lich
 84778 | Zot:5    | Killed an orb of fire
 84779 | Zot:5    | Killed an ancient lich
 84779 | Zot:5    | Noticed an ancient lich
 84781 | Zot:5    | Killed an ancient lich
 84787 | Zot:5    | Killed an ancient lich
 84898 | Zot:5    | Noticed an ancient lich
 84898 | Zot:5    | Noticed an orb of fire
 84898 | Zot:5    | Noticed an orb of fire
 84903 | Zot:5    | Noticed an ancient lich
 84903 | Zot:5    | Noticed an orb of fire
 84905 | Zot:5    | Killed an ancient lich
 84906 | Zot:5    | Killed an ancient lich
 84906 | Zot:5    | Killed an orb of fire
 84907 | Zot:5    | Killed an orb of fire
 84907 | Zot:5    | Noticed an orb of fire
 84916 | Zot:5    | Killed an orb of fire
 84919 | Zot:5    | Gained mutation: Your magical capacity is extremely low.
                  | (-30% MP) [an orb of fire]
 84920 | Zot:5    | Killed an orb of fire
 84935 | Zot:5    | Noticed an ancient lich
 84946 | Zot:5    | Killed an ancient lich
 85022 | Zot:5    | Noticed an ancient lich
 85039 | Zot:5    | Killed an ancient lich
 85536 | Depths:5 | Lost mutation: You are very weak. (Str -4) [potion of
                  | mutation]
 85536 | Depths:5 | Lost mutation: You frequently scream uncontrollably at your
                  | foes. [potion of mutation]
 85536 | Depths:5 | Lost mutation: You are often teleported next to monsters.
                  | [potion of mutation]
 85536 | Depths:5 | Lost mutation: You are weak. (Str -2) [potion of mutation]
 85815 | Shoals:2 | Lost mutation: You are very clumsy. (Dex -4) [potion of
                  | mutation]
 85815 | Shoals:2 | Lost mutation: You have a pair of horns on your head.
                  | [potion of mutation]
 85815 | Shoals:2 | Lost mutation: You have a pair of small horns on your head.
                  | [potion of mutation]
 85815 | Shoals:2 | Lost mutation: Scrolls take you longer to read. [potion of
                  | mutation]
 85815 | Shoals:2 | Lost mutation: You sometimes yell uncontrollably at your
                  | foes. [potion of mutation]
 85815 | Shoals:2 | Gained mutation: You have a pair of small horns on your
                  | head. [potion of mutation]
 85980 | Slime:1  | Entered Level 1 of the Pits of Slime
 86081 | Slime:3  | Gained mutation: Scrolls take you longer to read. [a
                  | shining eye]
 86083 | Slime:3  | Gained mutation: Scrolls take you much longer to read. [a
                  | shining eye]
 86084 | Slime:3  | Gained mutation: Your spells are a little easier to cast,
                  | but a little less powerful. [a shining eye]
 86106 | Slime:3  | Noticed Dissolution
 86109 | Slime:3  | Paralysed by a floating eye for 2 turns
 86120 | Slime:3  | Killed Dissolution
 86164 | Slime:3  | Lost mutation: You occasionally shout uncontrollably at
                  | your foes. [a shining eye]
 86257 | Slime:5  | Entered Level 5 of the Pits of Slime
 86292 | Slime:5  | Gained mutation: You are weak. (Str -2) [a shining eye]
 86298 | Slime:5  | Gained mutation: You occasionally shout uncontrollably at
                  | your foes. [a shining eye]
 86305 | Slime:5  | Gained mutation: Your spells are easier to cast, but less
                  | powerful. [a shining eye]
 86306 | Slime:5  | Gained mutation: You are often teleported next to monsters.
                  | [a shining eye]
 86309 | Slime:5  | Lost mutation: You are very dopey. (Int -4) [a shining eye]
 86321 | Slime:5  | Noticed the Royal Jelly
 86338 | Slime:5  | Killed the Royal Jelly
 86365 | Slime:5  | Identified the Handbook of Calling and Aid
 86436 | Slime:5  | Got a slimy rune of Zot
 86501 | Slime:5  | Identified the +1 chain mail "Ziryschu" {rCorr MP-9 Stlth+}
                  | (You found it on level 5 of the Pits of Slime)
 86916 | Depths:1 | Voluntarily entered the Abyss.
 87062 | Depths:1 | Escaped the Abyss
 87350 | Temple   | Fell from the grace of the Shining One
 87350 | Temple   | Became a worshipper of Zin the Law-Giver
 87350 | Temple   | Reached * piety under Zin
 87350 | Temple   | Reached ** piety under Zin
 87350 | Temple   | Reached *** piety under Zin
 87350 | Temple   | Reached **** piety under Zin
 87350 | Temple   | Reached ***** piety under Zin
 87613 | Zig:1    | Entered Level 1 of a ziggurat
 87650 | Zig:2    | Entered Level 2 of a ziggurat
 87685 | Zig:3    | Entered Level 3 of a ziggurat
 87688 | Zig:3    | Noticed an ancient lich
 87696 | Zig:3    | Killed an ancient lich
 87710 | Zig:4    | Entered Level 4 of a ziggurat
 87712 | Zig:4    | Noticed a greater mummy
 87724 | Zig:4    | Killed a greater mummy
 87749 | Zig:4    | Identified the ring "Nugooner" {rC+ Stlth-} (You found it
                  | on level 4 of a ziggurat)
 87753 | Zig:5    | Entered Level 5 of a ziggurat
 87808 | Zig:6    | Entered Level 6 of a ziggurat
 87814 | Zig:6    | Noticed a juggernaut
 87814 | Zig:6    | Noticed a juggernaut
 87826 | Zig:6    | Killed a juggernaut
 87833 | Zig:6    | Killed a juggernaut
 87854 | Zig:6    | Identified the Disquisition on Floating Transmutation
 87865 | Zig:6    | Identified the +3 chain mail of Ryaxis Ejae {-Cast rF+ MR+}
                  | (You found it on level 6 of a ziggurat)
 87871 | Zig:7    | Entered Level 7 of a ziggurat
 87912 | Zig:7    | Identified the Almanac of Flamy Lightness
 87915 | Zig:7    | Identified the Grimoire of Transformation and Summoning
 87923 | Zig:8    | Entered Level 8 of a ziggurat
 87928 | Zig:8    | Found the +2 pair of boots of the Assassin {Detection Stab+
                  | Stlth++}
 87929 | Zig:8    | Noticed Ruissaor the pandemonium lord
 87930 | Zig:8    | Found the +5 scythe "Finisher" {speed, eviscerate}
 87955 | Zig:8    | Killed Ruissaor the pandemonium lord
 88062 | Zig:9    | Entered Level 9 of a ziggurat
 88068 | Zig:9    | Noticed a greater mummy
 88071 | Zig:9    | Noticed a greater mummy
 88073 | Zig:9    | Found the +4 robe of Augmentation {Str+4 Int+4 Dex+4}
 88077 | Zig:9    | Killed a greater mummy
 88077 | Zig:9    | Reached skill level 27 in Fighting
 88090 | Zig:9    | Reached ****** piety under Zin
 88093 | Zig:9    | Killed a greater mummy
 88100 | Zig:9    | Got a pitted pewter ring
 88122 | Zig:9    | Identified the ring of the Special Emperors {rPois rF+ MR-
                  | Dex+3} (You found it on level 9 of a ziggurat)
 88126 | Zig:9    | Identified the +6 hand crossbow of the Past {penet, rElec
                  | Dex+3 Stlth+} (You found it on level 9 of a ziggurat)
 88135 | Zig:9    | Lost mutation: Your body often deteriorates upon taking
                  | damage. [potion of mutation]
 88135 | Zig:9    | Lost mutation: You often lose your temper in combat.
                  | [potion of mutation]
 88135 | Zig:9    | Lost mutation: You are extremely frail. (-30% HP) [potion
                  | of mutation]
 88136 | Zig:9    | Lost mutation: You have a pair of small horns on your head.
                  | [potion of mutation]
 88136 | Zig:9    | Lost mutation: You are dopey. (Int -2) [potion of mutation]
 88136 | Zig:9    | Lost mutation: You are clumsy. (Dex -2) [potion of
                  | mutation]
 88176 | Zig:10   | Entered Level 10 of a ziggurat
 88194 | Zig:10   | Paralysed by accursed screaming for 1 turns
 88200 | Zig:10   | Paralysed by accursed screaming for 1 turns
 88283 | Zig:10   | Identified the +7 hand crossbow of the Establishment
                  | {flame, rPois} (You found it on level 10 of a ziggurat)
 88284 | Zig:10   | Got a clouded silver ring
 88288 | Zig:10   | Identified the ring "Kavebu" {+Fly rN++ MP-9} (You found it
                  | on level 10 of a ziggurat)
 88300 | Zig:11   | Entered Level 11 of a ziggurat
 88339 | Zig:11   | Paralysed by accursed screaming for 1 turns
 88343 | Zig:11   | Paralysed by accursed screaming for 1 turns
 88350 | Zig:11   | HP: 2/139 [starcursed mass/accursed screaming (11)]
 88350 | Zig:11   | Paralysed by accursed screaming for 2 turns
 88352 | Zig:11   | Killed from afar by a starcursed mass

Levels and vault maps discovered:
D:1:      dpeg_arrival_circle_labyrinth_c, layout_rooms, chequers_big_river
D:2:      layout_loops_corners, first_ration, nemelex_lonely_heart_becter,
          uniq_crazy_yiuf_cottage
D:3:      layout_rooms, lemuel_doored_altar, uniq_robin, uniq_ijyb
D:4:      kb_forest_paths, layout_rooms, serial_shops, nicolae_shop_statue_plus,
          uniq_edmund, uniq_menkaure
D:5:      layout_loops_cross
D:6:      layout_basic, temple_pool_b
D:7:      layout_rooms, enter_bailey_3, uniq_duvessa
D:8:      layout_loops_ring, serial_ice, serial_ice_o, serial_ice_e,
          serial_ice_i, serial_ice_f, serial_ice_c, serial_ice_h, basic_altar,
          blue_anna_alchemist [blue_anna_fruit_fields, blue_anna_fruit_fields]
D:9:      layout_basic, basic_altar, uniq_joseph, uniq_psyche
D:10:     layout_loops_ring, lair_entry_dummy, orc_0_dummy, minmay_between
D:11:     layout_basic, serial_ice, serial_ice_l, serial_ice_b, serial_ice_m,
          serial_ice_d, minmay_fire_ice_demons
D:12:     layout_basic, eino_small_chamber_without_monster, grunt_ministairs_5,
          nicolae_qazlal_general_emergency, uniq_josephine
D:13:     layout_roguey, portal_ice_cave_rime, solitary_fountain, uniq_jorgrun
D:14:     layout_roguey, skrybe_vaults_entry_preservation, special_room
          [special_room_orc], uniq_snorg, uniq_nessos
D:15:     grunt_enter_depths_giant_problem, layout_cave_pools, enter_trove_3,
          kb_rosetta
Temple:   minmay_crystal_snake_temple
Lair:1:   layout_cave_pods, beast_lair_carwin_7, infiniplex_staircase_pool_2,
          minmay_lair_oklob_chamber, uniq_urug
Lair:2:   beast_lair_carwin_large_2, layout_big_grid, shoals_dummy_entry,
          lemuel_fruit_fields
Lair:3:   layout_loops_ring, spider_nest_entry_webs,
          nicolae_volcano_entry_two_sided, zaba_anthell
Lair:4:   layout_cave_pods, serial_bayou_shore_a
Lair:5:   beast_lair_carwin_large_3, layout_layer_cave, lemuel_fruit_tree
Lair:6:   evilmike_catoblepas_cave, layout_gridlike,
          dpeg_slime_entry_enclosed_altar, cheibrodos_lair_lostbears,
          grunt_megastairs_4
Shoals:1: layout_shoals, nicolae_shoals_drake_roost
Shoals:2: layout_shoals, uniq_polyphemus, uniq_louise, uniq_ilsuiw
Shoals:3: layout_shoals, nicolae_shoals_water_shrine
Shoals:4: shoals_end_hangedman, layout_shoals, ebering_ghost_davey_jones,
          uniq_mara
Spider:1: layout_spider_delve, guppyfry_spider_mini_1
Spider:2: layout_spider_delve, uniq_aizul
Spider:3: layout_spider_delve, nicolae_spider_cling_ruins
Spider:4: grunt_spider_rune_circles, guppyfry_hornet_nest, uniq_arachne
Slime:1:  layout_caves
Slime:2:  layout_caves, cheibrodos_slime_lost_civilization_7
Slime:3:  layout_caves, cheibrodos_slime_lost_civilization_5, uniq_dissolution
Slime:4:  layout_caves, dissolution_awaits
Slime:5
Orc:1:    nicolae_orc_accident_2, layout_caves, basic_altar
Orc:2:    kennysheep_orc_mage_school, layout_diamond_mine, basic_altar,
          serial_shops, shop, shop
Elf:1:    eino_elf_arrival_the_gate, layout_loops_corners, serial_shops,
          shop_statue, minmay_elf_annihilation, minmay_misc_feat_rows,
          minivault_25
Elf:2:    layout_geoelf_grid, portal_desolation_entry_salt, minmay_shoptagon
Elf:3:    minmay_elf_hall_hex, layout_geoelf_diagonals, serial_shops, shop,
          solitary_fountain, abandoned_shop
Vaults:1: hangedman_vaults_impose, grunt_vaults_funneled_arena,
          ontoclasm_vaults_ligature, vaults_room_pool, v_misc_2, v_misc_22,
          nicolae_vaults_yaktaur_gun_rack, hangedman_vaults_stretched_pinwheel,
          v_misc_2, v_misc_1, nicolae_vaults_shelves_hall,
          nicolae_vaults_little_squares_2, vaults_dpeg_hooks,
          layout_vaults_omnibox, serial_shops, shop
Vaults:2: vaults_room_door_hall, nicolae_vaults_bisected_slash,
          ontoclasm_vaults_decontamination, hangedman_vaults_capsules,
          nicolae_vaults_network_quinsquares
          [nicolae_vaults_network_quincunx_subvault,
          nicolae_vaults_network_quincunx_subvault,
          nicolae_vaults_network_quincunx_subvault,
          nicolae_vaults_network_quincunx_subvault], hangedman_vaults_pinch,
          nicolae_vaults_diagonal_hallway_9, v_pattern_2,
          nicolae_vaults_shelves_hall, nicolae_vaults_ring_of_whatevers,
          hangedman_vaults_stream, layout_vaults_omnicross
Vaults:3: grunt_vaults_bifocal, vaults_room_large_hall, vaults_dpeg_cross,
          nicolae_vaults_network_square, vaults_mumra_chevron, v_alt_pattern_2,
          nicolae_vaults_little_squares_2, minmay_crypt_entry_simple_box,
          layout_vaults_omnigrid, serial_shops, shop, shop, shop_statue
Vaults:4: ebering_vaults_ghost_inner_flame, ontoclasm_vaults_shuriken,
          vaults_mumra_chevron_long, v_misc_24, vaults_room_hallway,
          nicolae_vaults_network_periphery, v_rooms_1, v_misc_2,
          layout_vaults_chaotic_city
Vaults:5
Crypt:1:  layout_rooms, minmay_misc_feat_hallway, grunt_crypt_arrival_split
Crypt:2:  layout_basic
Crypt:3:  due_elkab, layout_chaotic_city, uniq_saint_roka
Depths:1: layout_roguey, hex_medium, hell_entry, rand_demon_pan_entry_1,
          abyss_entry, grunt_ministairs_13, guppyfry_shop_blood,
          roderic_lattice_octagonal_star
Depths:2: minmay_the_grid_triangle_9x9_recursive_2
          [minmay_the_grid_triangle_9x9_prize_center,
          minmay_the_grid_triangle_9x9_negative_grid,
          minmay_the_grid_triangle_9x9_wacky_v,
          minmay_the_grid_triangle_9x9_descending_squares], layout_cave_pools,
          enter_ziggurat_e, grunt_metal_band, chequers_serial_rivers_small_b,
          minmay_stone_trees_medium
Depths:3: box_level_dp, hell_entry, abyss_entry, pan_entry, uniq_bai_suzhen,
          uniq_enchantress
Depths:4: gammafunk_its_a_trap, layout_gridlike, hell_entry,
          minmay_misc_feat_five, nicolae_abyss_entry_one_way_or_another,
          kennysheep_generic_room_12, minmay_staircase_windowed_large,
          uniq_xtahua
Depths:5: grunt_zot_entry_bicorn, layout_honeycomb, rand_demon_pan_entry_4,
          pf_hell_entry_tar_river, hangedman_decor_opposing, uniq_jory
Hell
Geh:1:    minmay_firetagon, layout_gehenna_lava_caves
Geh:2:    layout_gehenna_pools_basic
Geh:3:    layout_gehenna_lava_caves
Geh:4:    layout_gehenna_pools_basic, gehenna_fire_generator
Geh:5:    layout_gehenna_pools_basic
Geh:6:    layout_gehenna_pools_basic, nicolae_geh_single_fiery_grave
Geh:7:    evilmike_geh
Zot:1:    layout_concentric_octagons, amethyst_zot_foddershock
Zot:2:    layout_misc_corridors
Zot:3:    layout_basic
Zot:4:    layout_gridlike, bh_zot_ikea_curve, drop_trap
Zot:5:    layout_gridville
Zig:11

Skill      XL: |  1  2  3  4  5  6  7  8  9 10 11 12 13 14 15 16 17 18 19 20 21 22 23 24 25 26 27 |
---------------+----------------------------------------------------------------------------------+-----
Fighting       | 3 4 5 6 7 9 11 12 14 15 16 17 18 19 20 21 27 | 27.0
Shields        | 3 4 5 6 9 11 12 14 15 16 17 18 25 | 25.1
Dodging        | 1 2 3 4 5 6 7 8 9 10 11 12 13 14 21 | 21.7
Invocations    | 2 4 6 7 9 11 12 13 14 15 16 22 | 22.7
Evocations     | 2 4 5 6 8 9 10 11 12 13 14 15 16 17 18 24 | 24.6
Armour         | 3 4 5 6 7 8 9 10 11 12 20 | 20.8
Axes           | 3 4 6 7 8 9 10 11 12 21 | 21.1
Crossbows      | 13 | 13.4
Spellcasting   | 5 |  5.0
Long Blades    | |  1.7

Action                   |  1- 3 |  4- 6 |  7- 9 | 10-12 | 13-15 | 16-18 | 19-21 | 22-24 | 25-27 || total
-------------------------+-------+-------+-------+-------+-------+-------+-------+-------+-------++-------
Melee: Long sword        |    87 |   105 |       |       |       |       |       |       |       ||   192
       Bite              |    18 |    49 |   121 |   330 |   509 |  1008 |   796 |   982 |  4979 ||  8792
       Spear             |       |    30 |   418 |   201 |       |       |       |       |       ||   649
       Flail             |       |       |    54 |       |       |       |       |       |       ||    54
       Hand axe          |       |       |       |   542 |   848 |  1181 |  1330 |  1999 |  2240 ||  8140
       War axe           |       |       |       |    13 |     5 |    29 |     5 |       |       ||    52
       Unarmed           |       |       |       |     3 |       |       |       |       |     4 ||     7
       Broad axe         |       |       |       |       |    32 |   142 |       |       |  6547 ||  6721
       Headbutt          |       |       |       |       |       |   700 |   557 |   713 |  3333 ||  5303
       Demon blade       |       |       |       |       |       |   502 |       |       |       ||   502
       Whip              |       |       |       |       |       |       |    14 |       |       ||    14
 Fire: Hunting sling     |       |       |       |       |    35 |       |       |       |       ||    35
       Hand crossbow     |       |       |       |       |       |       |     8 |    13 |     9 ||    30
Throw: Dart              |       |       |    11 |     1 |     6 |    53 |       |       |     2 ||    73
Invok: Heroism           |       |       |       |       |     1 |     8 |     6 |     5 |     3 ||    23
       Finesse           |       |       |       |       |       |     1 |     6 |     4 |     2 ||    13
       Cleansing Flame   |       |       |       |       |       |       |       |       |    37 ||    37
       Summon Divine War |       |       |       |       |       |       |       |       |    22 ||    22
       Divine Shield     |       |       |       |       |       |       |       |       |     3 ||     3
       Recite            |       |       |       |       |       |       |       |       |     1 ||     1
       Brand Weapon With |       |       |       |       |       |       |       |       |     1 ||     1
 Abil: Evoke Flight      |       |       |       |       |     1 |       |       |       |     4 ||     5
Evoke: Wand              |       |       |     9 |     3 |       |     4 |       |     1 |     6 ||    23
       Phial of floods   |       |       |       |       |       |     1 |       |     1 |       ||     2
       Lightning rod     |       |       |       |       |       |       |       |     5 |     1 ||     6
       Lamp of fire      |       |       |       |       |       |       |       |     3 |     5 ||     8
  Use: Scroll            |       |    10 |     3 |    10 |    11 |     9 |    10 |    10 |    62 ||   125
       Potion            |       |       |       |       |     2 |     3 |       |       |    27 ||    32
 Stab: Sleeping          |       |       |       |     1 |     9 |    28 |    20 |    23 |    12 ||    93
       Distracted        |       |       |       |       |     2 |     1 |     4 |     4 |     2 ||    13
       Petrified         |       |       |       |       |     9 |     5 |       |       |       ||    14
       Invisible         |       |       |       |       |       |     1 |       |       |       ||     1
  Eat: Chunk             |     3 |     4 |    10 |    23 |    20 |    35 |    26 |    35 |    82 ||   238
       Ration            |       |       |       |       |       |     1 |       |       |    24 ||    25
Armor: Scale mail        |    38 |   113 |    16 |       |       |       |       |       |       ||   167
       Ring mail         |       |       |    74 |   149 |   158 |   534 |   168 |   348 |   111 ||  1542
       Gold dragon scale |       |       |       |       |       |       |       |       |  3039 ||  3039
Dodge: Dodged            |    35 |    60 |   233 |   525 |   538 |  1624 |   740 |  1518 |  2314 ||  7587
Block: Shield            |    48 |    88 |   287 |   439 |       |       |       |       |       ||   862
       Large shield      |       |       |       |   150 |   931 |  2630 |  1288 |  2721 | 10384 || 18104
       Reflection        |       |       |       |       |       |       |       |    20 |   303 ||   323
       Rpst.: Long sword |    10 |    12 |       |       |       |       |       |       |       ||    22
       Demon blade       |       |       |       |       |       |    88 |       |       |       ||    88

Table legend:
 A = Non-vault XP
 B = Vault XP
 C = Vault XP percentage of total XP
 D = Non-vault monster count
 E = Vault monster count
 F = Vault count percentage of total count
                 A         B        C        D         E       F
            +---------+---------+-------+---------+---------+-------
      Total | 2155022 | 1624577 |  43.0 |    3283 |    1597 |  32.7
            +---------+---------+-------+---------+---------+-------
        D:1 |      46 |       0 |   0.0 |      21 |       0 |   0.0
        D:2 |      32 |      48 |  60.0 |      18 |       4 |  18.2
        D:3 |     235 |      68 |  22.4 |      24 |       9 |  27.3
        D:4 |     385 |     522 |  57.6 |      12 |       6 |  33.3
        D:5 |     913 |       0 |   0.0 |      32 |       0 |   0.0
        D:6 |    1166 |       0 |   0.0 |      27 |       0 |   0.0
        D:7 |    1551 |     730 |  32.0 |      25 |       8 |  24.2
        D:8 |    1628 |    1669 |  50.6 |      34 |      20 |  37.0
        D:9 |    1839 |     898 |  32.8 |      30 |       2 |   6.2
       D:10 |     303 |     270 |  47.1 |       6 |       5 |  45.5
       D:11 |    2657 |     418 |  13.6 |      23 |       8 |  25.8
       D:12 |    8092 |    2581 |  24.2 |      34 |       7 |  17.1
       D:13 |    3965 |    3762 |  48.7 |      18 |       3 |  14.3
       D:14 |   10253 |    7937 |  43.6 |      31 |      37 |  54.4
       D:15 |    7557 |    3686 |  32.8 |      20 |       5 |  20.0
     Lair:1 |    3652 |    3445 |  48.5 |      14 |      11 |  44.0
     Lair:2 |    2783 |    1988 |  41.7 |      14 |       6 |  30.0
     Lair:3 |    9736 |    4218 |  30.2 |      35 |      42 |  54.5
     Lair:4 |    1196 |       0 |   0.0 |       8 |       0 |   0.0
     Lair:5 |    8360 |   10786 |  56.3 |      37 |      20 |  35.1
     Lair:6 |    7386 |   11359 |  60.6 |      22 |      25 |  53.2
   Shoals:1 |   30602 |    3122 |   9.3 |      57 |       8 |  12.3
   Shoals:2 |    7734 |   11337 |  59.4 |      18 |      10 |  35.7
   Shoals:3 |   23419 |    3953 |  14.4 |      47 |       8 |  14.5
   Shoals:4 |   17689 |   32895 |  65.0 |      40 |      36 |  47.4
   Spider:1 |   13630 |    1822 |  11.8 |      40 |       7 |  14.9
   Spider:2 |   25077 |    1277 |   4.8 |      58 |       1 |   1.7
   Spider:3 |   11525 |    2137 |  15.6 |      27 |       2 |   6.9
   Spider:4 |   14969 |   23101 |  60.7 |      44 |      36 |  45.0
    Slime:1 |   17676 |       0 |   0.0 |      38 |       0 |   0.0
    Slime:3 |   12295 |   14536 |  54.2 |      25 |       1 |   3.8
    Slime:4 |   11612 |    1864 |  13.8 |      10 |       1 |   9.1
    Slime:5 |   25948 |   30455 |  54.0 |      32 |      13 |  28.9
      Orc:1 |    1320 |     352 |  21.1 |      28 |       4 |  12.5
      Orc:2 |    5117 |    7473 |  59.4 |      34 |      34 |  50.0
      Elf:1 |    8759 |    7069 |  44.7 |      14 |      11 |  44.0
      Elf:2 |   14861 |   26765 |  64.3 |      23 |      35 |  60.3
      Elf:3 |   31332 |   48596 |  60.8 |      46 |      36 |  43.9
   Vaults:1 |   36719 |   21522 |  37.0 |      69 |      39 |  36.1
   Vaults:2 |   47290 |   24949 |  34.5 |      66 |      31 |  32.0
   Vaults:3 |   46837 |   12439 |  21.0 |      70 |      12 |  14.6
   Vaults:4 |   32195 |   19028 |  37.1 |      42 |      22 |  34.4
   Vaults:5 |   43509 |  169259 |  79.6 |      59 |     106 |  64.2
    Crypt:1 |   33361 |       0 |   0.0 |      52 |       0 |   0.0
    Crypt:2 |   27734 |       0 |   0.0 |      34 |       0 |   0.0
    Crypt:3 |   14637 |   51896 |  78.0 |      17 |      78 |  82.1
   Depths:1 |   54084 |    7087 |  11.6 |      65 |      12 |  15.6
   Depths:2 |   42098 |   22020 |  34.3 |      51 |      19 |  27.1
   Depths:3 |   28540 |   91495 |  76.2 |      45 |      80 |  64.0
   Depths:4 |   23490 |   19560 |  45.4 |      24 |       9 |  27.3
   Depths:5 |   30398 |   25632 |  45.7 |      24 |      24 |  50.0
       Hell |   11252 |   26776 |  70.4 |      14 |      45 |  76.3
      Geh:1 |   24272 |    2830 |  10.4 |      63 |       6 |   8.7
      Geh:2 |   62700 |       0 |   0.0 |     124 |       0 |   0.0
      Geh:3 |   51696 |       0 |   0.0 |      93 |       0 |   0.0
      Geh:4 |   34761 |       0 |   0.0 |      66 |       0 |   0.0
      Geh:5 |   50352 |       0 |   0.0 |      84 |       0 |   0.0
      Geh:6 |   53754 |       0 |   0.0 |     101 |       0 |   0.0
      Geh:7 |   47978 |   80474 |  62.6 |      58 |      47 |  44.8
      Zot:1 |   55644 |   10871 |  16.3 |      38 |       5 |  11.6
      Zot:2 |   92356 |       0 |   0.0 |      50 |       0 |   0.0
      Zot:3 |   45491 |       0 |   0.0 |      20 |       0 |   0.0
      Zot:4 |   71763 |       0 |   0.0 |      41 |       0 |   0.0
      Zot:5 |   23946 |  202327 |  89.4 |      15 |      44 |  74.6
    Abyss:1 |   26898 |     688 |   2.5 |      42 |       1 |   2.3
    Abyss:2 |   22325 |    6475 |  22.5 |      37 |      10 |  21.3
    Abyss:3 |   23343 |   21599 |  48.1 |      51 |      48 |  48.5
        Pan |  526635 |  467695 |  47.0 |     592 |     311 |  34.4
      Zig:1 |    3018 |       0 |   0.0 |       1 |       0 |   0.0
      Zig:2 |    2774 |       0 |   0.0 |       3 |       0 |   0.0
      Zig:3 |    8098 |       0 |   0.0 |       2 |       0 |   0.0
      Zig:4 |    9245 |       0 |   0.0 |       8 |       0 |   0.0
      Zig:5 |    9761 |       0 |   0.0 |       6 |       0 |   0.0
      Zig:6 |   17114 |       0 |   0.0 |      11 |       0 |   0.0
      Zig:7 |    9856 |       0 |   0.0 |       9 |       0 |   0.0
      Zig:8 |   14764 |       0 |   0.0 |      11 |       0 |   0.0
      Zig:9 |   20114 |       0 |   0.0 |      18 |       0 |   0.0
     Zig:10 |   17543 |       0 |   0.0 |      23 |       0 |   0.0
     Zig:11 |    9377 |       0 |   0.0 |      18 |       0 |   0.0
     Bailey |       0 |    2303 | 100.0 |       0 |      38 | 100.0
      IceCv |       0 |    9646 | 100.0 |       0 |      36 | 100.0
    Volcano |       0 |    4818 | 100.0 |       0 |      16 | 100.0
 Desolation |       0 |   52049 | 100.0 |       0 |      97 | 100.0
            +---------+---------+-------+---------+---------+-------
